Workbook
Name dtFim: [1]Main!$C$5
Name dtIni: [1]Main!$C$4
Name dtIniAux: [1]Main!$C$6
Name IQ_CH: 110000
Name IQ_CQ: 5000
Name IQ_CY: 10000
Name IQ_DAILY: 500000
Name IQ_FH: 100000
Name IQ_FQ: 500
Name IQ_FY: 1000
Name IQ_LTM: 2000
Name IQ_MONTH: 15000
Name IQ_NTM: 6000
Name IQ_WEEK: 50000
Name IQ_YTD: 3000
Name nFundos: [1]Aux!$E$2
Name rFeriados: [1]Aux!$J$4:$J$940
Name rIniCadFundos: [1]Aux!$E$4
Name rListaFundos: OFFSET([0]!rIniCadFundos,0,0,[0]!nFundos)
Name rListaFundos: OFFSET(rIniCadFundos,0,0,nFundos)
Name strFundo: [1]Main!$C$3

Sheet Tabelão
B1: 12417281 | D1: Atualização Mensal
A5: Patrimônio Líquido (Janeiro/22)
A6: 1.2022075e+09
A7: =(A6/B1) -> 96.817293
A18: Data de Emissão | B18: Ativo | C18: Tipo | D18: % PL | E18: Indexador | F18: Taxa | G18: Tranche | H18: LTV | I18: % Sub | J18: Montante (R$M) | K18: Duration | L18: Originação e Estruturação | M18: Código Cetip | N18: Emissor | O18: Segmento | P18: Montante | Q18: Valor de avaliação | R18: PU Senior/única 31/12 | S18: Quantidade emitida Sênior | T18: PU Sub 31/12 | U18: Quantidade emitida Sub | V18: Valor Sub | W18: Código Cetip Sub | X18: Quantidade FII | Y18: % do CRI | Z18: Fundo de reserva | AA18: Vencimento
A19: 44517 | B19: WT Morumbi* | C19: Ativos de Renda | D19: =P19/$A$6 -> 0.24493678 | E19: IPCA | F19: 0.06 | G19: Única | H19: =(S19*R19)/Q19 -> 0.42232189 | I19: - | J19: =P19/1000000 -> 294.46484 | K19: 5.0288697 | L19: Própria | M19: 15L0648443 | N19: Opea | O19: Comercial | P19: 2.9446484e+08 | Q19: 767850000 | R19: 717433.32 | S19: 452 | T19: - | U19: - | V19: - | W19: - | X19: 401 | Y19: =X19/S19 -> 0.88716814 | AA19: 48133
A20: 43276 | B20: CB II* | C20: Corporativo | D20: =P20/$A$6 -> 0.073454864 | E20: IPCA | F20: 0.07 | G20: Sênior | H20: 0.5852 | I20: =(T20*U20)/((T20*U20)+((R20*S20)-Z20)) -> 0.30114062 | J20: =P20/1000000 -> 88.307991 | K20: 5.0418288 | L20: Própria | M20: 18F0849431 | N20: Virgo | O20: Logístico | P20: 88307991 | Q20: 1.0858362e+09 | R20: 1067.1271 | S20: 175000 | T20: 1072.9327 | U20: 75000 | V20: =U20*T20 -> 80469952 | W20: 18F0849476 | X20: 87800 | Y20: =X20/S20 -> 0.50171429 | AA20: 48561
A21: 43665 | B21: CB III* | C21: Corporativo | D21: =P21/$A$6 -> 0.069496225 | E21: IPCA | F21: 0.06 | G21: Sênior | H21: 0.5852 | I21: =(T21*U21)/((T21*U21)+((R21*S21)-Z21)) -> 0.30160048 | J21: =P21/1000000 -> 83.548885 | K21: 5.6064853 | L21: Própria | M21: 19G0290123 | N21: Virgo | O21: Logístico | P21: 83548885 | Q21: 1.0858362e+09 | R21: 1064.5885 | S21: 175000 | T21: 1072.7207 | U21: 75000 | V21: =U21*T21 -> 80454050 | W21: 19G0290175 | X21: 88000 | Y21: =X21/S21 -> 0.50285714 | AA21: 48771
A22: 44330 | B22: Newport* | C22: Ativos de Renda | D22: =P22/$A$6 -> 0.064056978 | E22: IPCA | F22: 0.056 | G22: Única | H22: =(S22*R22)/Q22 -> 0.57648605 | I22: - | J22: =P22/1000000 -> 77.009781 | K22: 6.1612047 | L22: Própria | M22: 21E0514204 | N22: True | O22: Logístico | P22: 77009781 | Q22: 249400000 | R22: 1010.0149 | S22: 142350 | T22: - | U22: - | V22: - | W22: - | X22: 71176 | Y22: =X22/S22 -> 0.50000702 | AA22: 47996
A23: 44484 | B23: Superfrio* | C23: Corporativo | D23: =P23/$A$6 -> 0.0590317 | E23: IPCA | F23: 0.07 | G23: Única | H23: =(S23*R23)/Q23 -> 0.74916683 | I23: - | J23: =P23/1000000 -> 70.968355 | K23: 4.383759 | L23: Mercado | M23: 21J1022783 | N23: True | O23: Logístico | P23: 70968355 | Q23: 136000000 | R23: 1018.8669 | S23: 100000 | T23: - | U23: - | V23: - | W23: - | X23: 70000 | Y23: =X23/S23 -> 0.7 | AA23: 48136
A24: 43819 | B24: Green Towers | C24: Ativos de Renda | D24: =P24/$A$6 -> 0.037318869 | E24: IGPM | F24: 0.0475 | G24: Única | H24: =(S24*R24)/Q24 -> 0.81799491 | I24: - | J24: =P24/1000000 -> 44.865025 | K24: 5.8587839 | L24: Mercado | M24: 19L0907949 | N24: Opea | O24: Comercial | P24: 44865025 | Q24: 2.2720627e+08 | R24: 1327.5256 | S24: 140000 | T24: - | U24: - | V24: - | W24: - | X24: 35000 | Y24: =X24/S24 -> 0.25 | AA24: 49293
A25: 43798 | B25: Renda Residencial* | C25: Ativos de Renda | D25: =P25/$A$6 -> 0.036061446 | E25: IPCA | F25: 0.065 | G25: Sênior | H25: =(S25*R25)/Q25 -> 0.45684086 | I25: =(T25*U25)/((T25*U25)+(R25*S25)) -> 0.20012966 | J25: =P25/1000000 -> 43.353342 | K25: 3.4146767 | L25: Própria | M25: 19K1139273 | N25: Habitasec | O25: Residencial | P25: 43353342 | Q25: 103541450 | R25: 1129.3564 | S25: 41884 | T25: 1130.2718 | U25: 10471 | V25: =U25*T25 -> 11835076 | W25: 19K1139274 | X25: 41884 | Y25: =X25/S25 -> 1 | AA25: 45987
A26: 43294 | B26: Plaza Iguatemi | C26: Ativos de Renda | D26: =P26/$A$6 -> 0.033981178 | E26: IPCA | F26: 0.0725 | G26: Única | H26: =(S26*R26)/Q26 -> 0.67458155 | I26: - | J26: =P26/1000000 -> 40.852428 | K26: 5.1553316 | L26: Mercado | M26: 18G0705308 | N26: Virgo | O26: Comercial | P26: 40852428 | Q26: 131250000 | R26: 1099.8612 | S26: 80500 | T26: - | U26: - | V26: - | W26: - | X26: 38679 | Y26: =X26/S26 -> 0.48048447 | AA26: 48775
A27: 43811 | B27: Evolution* | C27: Ativos de Renda | D27: =P27/$A$6 -> 0.031403442 | E27: IPCA | F27: 0.0625 | G27: Única | H27: =(S27*R27)/Q27 -> 0.41526529 | I27: - | J27: =P27/1000000 -> 37.753455 | K27: 5.6664728 | L27: Mercado | M27: 19L0823309 | N27: Habitasec | O27: Comercial | P27: 37753455 | Q27: 161200000 | R27: 1062.5518 | S27: 63000 | T27: - | U27: - | V27: - | W27: - | X27: 40000 | Y27: =X27/S27 -> 0.63492063 | AA27: 49290
A28: 44071 | B28: Mix II* | C28: Pessoa Física | D28: =P28/$A$6 -> 0.031359508 | E28: IPCA | F28: 0.0707 | G28: Sênior | H28: =(S28*R28)/Q28 -> 0.54241487 | I28: =(T28*U28)/((T28*U28)+((R28*S28)-Z28)) -> 0.15662468 | J28: =P28/1000000 -> 37.700636 | K28: 4.1679158 | L28: Própria | M28: 20H0747477 | N28: True | O28: Res / Com / Lote | P28: 37700636 | Q28: =SUMIF('Info Portfolio'!Z:Z,Tabelão!AB28,'Info Portfolio'!AB:AB) -> 80051793 | R28: 1085.5321 | S28: 40000 | T28: 806.38413 | U28: 10000 | V28: =U28*T28 -> 8063841.3 | W28: 20H0747498 | X28: 40000 | Y28: =X28/S28 -> 1 | AA28: 50537 | AB28: Mix II (313)
A29: 43829 | B29: Business Park* | C29: Ativos de Renda | D29: =P29/$A$6 -> 0.030754836 | E29: IPCA | F29: 0.1098 | G29: Única | H29: =(S29*R29)/Q29 -> 0.39035492 | I29: - | J29: =P29/1000000 -> 36.973695 | K29: 4.4220743 | L29: Mercado | M29: 19L0938593 | N29: Opea | O29: Logístico | P29: 36973695 | Q29: 95000000 | R29: 1318.2509 | S29: 28131 | T29: - | U29: - | V29: - | W29: - | X29: 28131 | Y29: =X29/S29 -> 1 | AA29: 48179
A30: 43080 | B30: CB 1* | C30: Corporativo | D30: =P30/$A$6 -> 0.029240014 | E30: IPCA | F30: 0.07 | G30: Sênior | H30: 0.5852 | I30: =(T30*U30)/((T30*U30)+((R30*S30)-Z30)) -> 0.30394765 | J30: =P30/1000000 -> 35.152565 | K30: 5.0442705 | L30: Própria | M30: 17L0765996 | N30: Virgo | O30: Logístico | P30: 35152565 | Q30: 1.0858362e+09 | R30: 739.16313 | S30: 350000 | T30: 753.13698 | U30: 150000 | V30: =U30*T30 -> 1.1297055e+08 | W30: 17L0776106 | X30: 50000 | Y30: =X30/S30 -> 0.14285714 | AA30: 48561
A31: 44519 | B31: Maiojama* | C31: Corporativo | D31: =P31/$A$6 -> 0.028765016 | E31: IPCA | F31: 0.0928 | G31: Sênior | H31: =(S31*R31)/Q31 -> 0.52220927 | I31: =(T31*U31)/((T31*U31)+((R31*S31)-Z31)) -> 0.2058378 | J31: =P31/1000000 -> 34.581519 | K31: 3.5949473 | L31: Própria | M31: 21K0550408 | N31: Opea | O31: Residencial | P31: 34581519 | Q31: =5124*10706+12000000 -> 66857544 | R31: 985.14755 | S31: 35440 | T31: 1021.3561 | U31: 8860 | V31: =U31*T31 -> 9049215.4 | W31: 21K0552765 | X31: 35440 | Y31: =X31/S31 -> 1 | AA31: 46346
A32: 43985 | B32: Sam´s Club* | C32: Ativos de Renda | D32: =P32/$A$6 -> 0.026783071 | E32: CDI | F32: 0.05 | G32: Única | H32: =(S32*R32)/Q32 -> 0.50479967 | I32: - | J32: =P32/1000000 -> 32.19881 | K32: 3.7243244 | L32: Própria | M32: 20F0674264 | N32: Opea | O32: Varejo Essencial | P32: 32198810 | Q32: 63785323 | R32: 947.02381 | S32: 34000 | T32: - | U32: - | V32: - | W32: - | X32: 34000 | Y32: =X32/S32 -> 1 | AA32: 48715
A33: 12.03.2021 | B33: Mix IV* | C33: Pessoa Física | D33: =P33/$A$6 -> 0.025482317 | E33: IPCA | F33: 0.0675 | G33: Sênior | H33: =(X33*R33)/Q33 -> 0.4099947 | I33: =(T33*U33)/((T33*U33)+((R33*S33)-Z33)) -> 0.22074419 | J33: =P33/1000000 -> 30.635033 | K33: 4.4267399 | L33: Própria | M33: 21C0776201 | N33: True | O33: Res / Com | P33: 30635033 | Q33: =SUMIF('Info Portfolio'!Z:Z,Tabelão!AB33,'Info Portfolio'!AB:AB) -> 74463801 | R33: 830.40292 | S33: 62500 | T33: 1470.2058 | U33: 10000 | V33: =U33*T33 -> 14702058 | W33: 21C0777201 | X33: 36765 | Y33: =X33/S33 -> 0.58824 | AA33: 49746 | AB33: Mix IV (374)
A34: 12.01.2022 | B34: Alianza Guarulhos* | C34: Ativos de Renda | D34: =P34/$A$6 -> 0.024540354 | E34: IPCA | F34: 0.072 | G34: Única | H34: =(X34*R34)/Q34 -> 0.36851706 | I34: - | J34: =P34/1000000 -> 29.502599 | K34: 6.4588107 | L34: Própria | M34: 22A0253223 | N34: Virgo | O34: Logístico | P34: 29502599 | Q34: 80400000 | R34: 1004.3651 | S34: 29500 | T34: - | U34: - | V34: - | X34: 29500 | Y34: =X34/S34 -> 1 | AA34: 48228
A35: 44176 | B35: Residencial Itaim* | C35: Ativos de Renda | D35: =P35/$A$6 -> 0.024477597 | E35: IPCA | F35: 0.0785 | G35: Única | H35: =(S35*R35)/Q35 -> 0.73946652 | I35: - | J35: =P35/1000000 -> 29.427151 | K35: 3.9885693 | L35: Própria | M35: 20L0687995 | N35: Habitasec | O35: Residencial | P35: 29427151 | Q35: 44464000 | R35: 1072.0107 | S35: =X35 -> 30671 | T35: - | U35: - | V35: - | W35: - | X35: 30671 | Y35: =X35/S35 -> 1 | AA35: 46378
A36: 43819 | B36: Vogue Square* | C36: Corporativo | D36: =P36/$A$6 -> 0.023351397 | E36: IPCA | F36: 0.12 | G36: Única | H36: =(S36*R36)/Q36 -> 0.31521077 | I36: - | J36: =P36/1000000 -> 28.073225 | K36: 2.49537 | L36: Própria | M36: 19L0906182 | N36: Habitasec | O36: Hotel | P36: 28073225 | Q36: 111683810 | R36: 1173.4646 | S36: 30000 | T36: - | U36: - | V36: - | W36: - | X36: 25700 | Y36: =X36/S36 -> 0.85666667 | AA36: 45647
A37: 44319 | B37: CRI Varejo Essencial II* | C37: Ativos de Renda | D37: =P37/$A$6 -> 0.02125553 | E37: IPCA | F37: 0.075 | G37: Única | H37: =(S37*R37)/Q37 -> 0.6564589 | I37: - | J37: =P37/1000000 -> 25.553558 | K37: 8.9204992 | L37: Própria | M37: 21E0048439 | N37: Habitasec | O37: Varejo Essencial | P37: 25553558 | Q37: 38828571 | R37: 1080.2408 | S37: =X37 -> 23596 | T37: - | U37: - | V37: - | W37: - | X37: 23596 | Y37: =X37/S37 -> 1 | AA37: 48405
A38: 44193 | B38: CRI Varejo Essencial I* | C38: Ativos de Renda | D38: =P38/$A$6 -> 0.017763867 | E38: IPCA | F38: 0.075 | G38: Única | H38: =(S38*R38)/Q38 -> 0.64096557 | I38: - | J38: =P38/1000000 -> 21.355855 | K38: 6.1934953 | L38: Própria | M38: 20L0765928 | N38: Habitasec | O38: Varejo Essencial | P38: 21355855 | Q38: 40541286 | R38: 804.75591 | S38: 32290 | T38: - | U38: - | V38: - | W38: - | X38: 32290 | Y38: =X38/S38 -> 1 | AA38: 49841
A39: 09.12.2020 | B39: Residencial Campo Belo* | C39: Corporativo | D39: =P39/$A$6 -> 0.017681551 | E39: IPCA | F39: 0.095 | G39: Única | H39: =(S39*R39)/Q39 -> 0.43481614 | I39: - | J39: =P39/1000000 -> 21.256894 | K39: 2.4392652 | L39: Própria | M39: 20L0551394 | N39: Habitasec | O39: Residencial | P39: 21256894 | Q39: 49000000 | R39: 1065.2996 | S39: 20000 | T39: - | U39: - | V39: - | W39: - | X39: 20000 | Y39: =X39/S39 -> 1 | AA39: 45641
A40: 44071 | B40: Mix 1* | C40: Pessoa Física | D40: =P40/$A$6 -> 0.017570237 | E40: IPCA | F40: 0.0723 | G40: Sênior | H40: =(S40*R40)/Q40 -> 0.36405659 | I40: =(T40*U40)/((T40*U40)+((R40*S40)-Z40)) -> 0.31116672 | J40: =P40/1000000 -> 21.123071 | K40: 3.6660665 | L40: Própria | M40: 20H0747626 | N40: True | O40: Res / Com / Lote | P40: 21123071 | Q40: =SUMIF('Info Portfolio'!Z:Z,Tabelão!AB40,'Info Portfolio'!AB:AB) -> 64271929 | R40: 584.96548 | S40: 40000 | T40: 1056.986 | U40: 10000 | V40: =U40*T40 -> 10569860 | W40: 20H0747803 | X40: 40000 | Y40: =X40/S40 -> 1 | AA40: 50813 | AB40: Mix I (311)
A41: 44322 | B41: Villa XP | C41: Corporativo | D41: =P41/$A$6 -> 0.016969774 | E41: IPCA | F41: 0.05 | G41: Única | H41: =(S41*R41)/Q41 -> 0.90039091 | I41: - | J41: =P41/1000000 -> 20.40119 | K41: 10.290486 | L41: Mercado | M41: 21D0456641 | N41: Virgo | O41: Comercial | P41: 20401190 | Q41: 600000000 | R41: 1080.4691 | S41: 500000 | T41: - | U41: - | V41: - | W41: - | X41: 20000 | Y41: =X41/S41 -> 0.04 | AA41: 49780
A42: 44316 | B42: RM Square* | C42: Ativos de Renda | D42: =P42/$A$6 -> 0.01693834 | E42: CDI | F42: 0.03 | G42: Única | H42: =(S42*R42)/Q42 -> 0.14416771 | I42: - | J42: =P42/1000000 -> 20.3634 | K42: 1.8352122 | L42: Própria | M42: 21D0864275 | N42: Vert | O42: Comercial | P42: 20363400 | Q42: 141248000 | R42: 969.68573 | S42: 21000 | T42: - | U42: - | V42: - | W42: - | X42: 21000 | Y42: =X42/S42 -> 1 | AA42: 46155
A43: 43893 | B43: Tarjab* | C43: Corporativo | D43: =P43/$A$6 -> 0.016890664 | E43: CDI | F43: 0.04 | G43: Única | H43: =(S43*R43)/Q43 -> 0.60151111 | I43: - | J43: =P43/1000000 -> 20.306083 | K43: 2.4934813 | L43: Própria | M43: 20C0128177 | N43: Opea | O43: Hotel | P43: 20306083 | Q43: 33758452 | R43: 835.64131 | S43: 24300 | T43: - | U43: - | V43: - | W43: - | X43: 24300 | Y43: =X43/S43 -> 1 | AA43: 45712
A44: 12.03.2021 | B44: Pontte I* | C44: Pessoa Física | D44: =P44/$A$6 -> 0.015790441 | E44: IPCA | F44: 0.065 | G44: Sênior | H44: =(S44*R44)/Q44 -> 0.31967013 | I44: =(T44*U44)/((T44*U44)+((R44*S44)-Z44)) -> 0.20964543 | J44: =P44/1000000 -> 18.983387 | K44: 5.007503 | L44: Própria | M44: 21D0402879 | N44: True | O44: Res / Com | P44: 18983387 | Q44: =SUMIF('Info Portfolio'!Z:Z,Tabelão!AB44,'Info Portfolio'!AB:AB) -> 1.0052432e+08 | R44: 1285.3849 | S44: 25000 | T44: 1363.8186 | U44: 6250 | V44: - | W44: 21D0402922 | X44: 14440 | Y44: =X44/S44 -> 0.5776 | AA44: 47950 | AB44: Pontte (376)
A45: 43889 | B45: Mix III* | C45: Pessoa Física | D45: =P45/$A$6 -> 0.012558825 | E45: IPCA | F45: 0.0625 | G45: Sênior | H45: =(S45*R45)/Q45 -> 0.4117854 | I45: =(T45*U45)/((T45*U45)+(R45*S45)) -> 0.37583895 | J45: =P45/1000000 -> 15.098314 | K45: 4.6453604 | L45: Própria | M45: 20B0984807 | N45: True | O45: Res / Com / Lote | P45: 15098314 | Q45: =SUMIF('Info Portfolio'!Z:Z,Tabelão!AB45,'Info Portfolio'!AB:AB) -> 48633239 | R45: 445.54725 | S45: 44948 | T45: 1520.2904 | U45: 7932 | V45: =U45*T45 -> 12058943 | W45: 20B0985008 | X45: 35958 | Y45: =X45/S45 -> 0.7999911 | AA45: 50629 | AB45: Mix III (271)
A46: 43756 | B46: Vista Faria Lima | C46: Ativos de Renda | D46: =P46/$A$6 -> 0.011776957 | E46: CDI | F46: 0.01 | G46: Única | H46: =(S46*R46)/Q46 -> 0.35524627 | I46: - | J46: =P46/1000000 -> 14.158346 | K46: 5.7743822 | L46: Mercado | M46: 19J0279700 | N46: True | O46: Comercial | P46: 14158346 | Q46: =424700000/5 -> 84940000 | R46: 1005.8206 | S46: 30000 | T46: - | U46: - | V46: - | W46: - | X46: 13964 | Y46: =X46/S46 -> 0.46546667 | AA46: 51053
A47: 43783 | B47: Localfrio | C47: Corporativo | D47: =P47/$A$6 -> 0.011124041 | E47: IPCA | F47: 0.06 | G47: Sênior | H47: =(S47*R47)/Q47 -> 0.77139393 | I47: =(T47*U47)/((T47*U47)+(R47*S47)) -> 0.20106006 | J47: =P47/1000000 -> 13.373406 | K47: 4.5251883 | L47: Mercado | M47: 19K0981679 | N47: Virgo | O47: Logístico | P47: 13373406 | Q47: 107892000 | R47: 1040.3404 | S47: 80000 | T47: 1047.2422 | U47: 20000 | V47: =U47*T47 -> 20944844 | W47: 19K0981682 | X47: 12963 | Y47: =X47/S47 -> 0.1620375 | AA47: 48198
A48: 20.08.2020 | B48: Laje Vila Olímpia* | C48: Ativos de Renda | D48: =P48/$A$6 -> 0.0012364263 | E48: CDI | F48: 0.0625 | G48: Única | H48: =(X48*R48)/Q48 -> 0.33676822 | I48: - | J48: =P48/1000000 -> 1.486441 | K48: 3.9571103 | L48: Própria | M48: 20H0818810 | N48: Habitasec | O48: Comercial | P48: 1486441 | Q48: 4413840 | R48: 990.96068 | S48: =X48 -> 1500 | T48: - | U48: - | V48: - | W48: - | X48: 1500 | Y48: =X48/S48 -> 1 | AA48: 47717
A49: - | B49: FIIs de CRI | C49: FII | D49: =P49/$A$6 -> 0.14896373 | E49: - | F49: - | G49: - | H49: - | I49: - | J49: =P49/1000000 -> 179.08531 | K49: - | L49: - | M49: =B49 -> FIIs de CRI | N49: - | O49: - | P49: 1.7908531e+08 | Q49: - | S49: - | T49: - | U49: - | V49: - | W49: - | Y49: -
A50: - | B50: Caixa | C50: - | D50: =P50/$A$6 -> 0.054699819 | E50: - | F50: - | G50: - | H50: - | I50: - | J50: =P50/1000000 -> 65.760534 | K50: - | L50: - | M50: - | N50: - | O50: - | P50: 65760534 | Q50: - | S50: - | T50: - | U50: - | V50: - | W50: - | Y50: -
H51: =SUMPRODUCT(H19:H48,J19:J48)/SUM(J19:J48) -> 0.52379948 | J51: =SUM(J19:J50) -> 1533.6751 | K51: =SUMPRODUCT(K19:K48,J19:J48)/SUM(J19:J48) -> 4.9440733 | L51: Própria | M51: =SUMIF($L$18:$L$48,L51,$P$18:$P$48) -> 1.0094834e+09 | N51: =M51/SUM($P$19:$P$48) -> 0.78325609 | P51: =SUM(P19:P50) -> 1.5336751e+09
L52: Mercado | M52: =SUMIF($L$18:$L$48,L52,$P$18:$P$48) -> 2.793459e+08 | N52: =M52/SUM($P$19:$P$48) -> 0.21674391
D55: Cota mercado
D56: 101.25
A57: Taxa Média de Alocação Inflação | D57: =1/D56 -> 0.0098765432
A58: Valor | D58: =(1+D57)^(12)-1 -> 0.1251733
A59: =IF(OR(E19="IPCA",E19="IGPM"),J19,0) -> 294.46484 | B59: =IF(OR(E19="IPCA",E19="IGPM"),F19,0) -> 0.06
A60: =IF(OR(E20="IPCA",E20="IGPM"),J20,0) -> 88.307991 | B60: =IF(OR(E20="IPCA",E20="IGPM"),F20,0) -> 0.07 | D60: Vila Mascote | E60: -1070044.9 | F60: =F61 -> 0.075
A61: =IF(OR(E21="IPCA",E21="IGPM"),J21,0) -> 83.548885 | B61: =IF(OR(E21="IPCA",E21="IGPM"),F21,0) -> 0.06 | D61: Vila Mascote | E61: -61231.26 | F61: =F37 -> 0.075
A62: =IF(OR(E22="IPCA",E22="IGPM"),J22,0) -> 77.009781 | B62: =IF(OR(E22="IPCA",E22="IGPM"),F22,0) -> 0.056 | D62: FL2 | E62: -316485.24 | F62: =F25 -> 0.065
A63: =IF(OR(E23="IPCA",E23="IGPM"),J23,0) -> 70.968355 | B63: =IF(OR(E23="IPCA",E23="IGPM"),F23,0) -> 0.07 | E63: =SUM(E60:E62) -> -1447761.4 | F63: =SUMPRODUCT(F60:F62,E60:E62)/SUM(E60:E62) -> 0.072813968
A64: =IF(OR(E24="IPCA",E24="IGPM"),J24,0) -> 44.865025 | B64: =IF(OR(E24="IPCA",E24="IGPM"),F24,0) -> 0.0475
A65: =IF(OR(E25="IPCA",E25="IGPM"),J25,0) -> 43.353342 | B65: =IF(OR(E25="IPCA",E25="IGPM"),F25,0) -> 0.065 | L65: Estudo de viabilidade enqto o FII não paga DIV
A66: =IF(OR(E26="IPCA",E26="IGPM"),J26,0) -> 40.852428 | B66: =IF(OR(E26="IPCA",E26="IGPM"),F26,0) -> 0.0725 | D66: =(SUM(A59:A90)*1000000)+P49 -> 1.3794015e+09 | E66: =D66/(J51*1000000) -> 0.8994092 | K66: Alocações FIIs
A67: =IF(OR(E28="IPCA",E28="IGPM"),J28,0) -> 37.700636 | B67: =IF(OR(E28="IPCA",E28="IGPM"),F28,0) -> 0.0707 | D67: =SUM(A95:A120)*1000000 -> 88513080 | E67: =D67/(J51*1000000) -> 0.057713057 | K67: FII | L67: DY | M67: Preço Aquisição | N67: Último Dividendo | O67: Quantidade | P67: Montante
A68: =IF(OR(E27="IPCA",E27="IGPM"),J27,0) -> 37.753455 | B68: =IF(OR(E27="IPCA",E27="IGPM"),F27,0) -> 0.0625 | K68: MORC11 | L68: =N68*12/M68 -> 0.15 | M68: 100 | N68: 1.25 | O68: 97799 | P68: =O68*M68 -> 9779900
A69: =IF(OR(E29="IPCA",E29="IGPM"),J29,0) -> 36.973695 | B69: =IF(OR(E29="IPCA",E29="IGPM"),F29,0) -> 0.1098 | K69: ARCT15 | L69: =N69*12/M69 -> 0.18 | M69: 100 | N69: 1.5 | O69: 150000 | P69: =O69*M69 -> 15000000
A70: =IF(OR(E30="IPCA",E30="IGPM"),J30,0) -> 35.152565 | B70: =IF(OR(E30="IPCA",E30="IGPM"),F30,0) -> 0.07 | K70: MCHY11 | L70: =N70*12/M70 -> 0.156 | M70: 100 | N70: 1.3 | O70: 599987 | P70: =O70*M70 -> 59998700
A71: =IF(OR(E31="IPCA",E31="IGPM"),J31,0) -> 34.581519 | B71: =IF(OR(E31="IPCA",E31="IGPM"),F31,0) -> 0.0928 | K71: SNCI14 | L71: =N71*12/M71 -> 0.168 | M71: 100 | N71: 1.4 | O71: 30000 | P71: =O71*M71 -> 3000000
A72: =IF(OR(E32="IPCA",E32="IGPM"),J32,0) -> 0 | B72: =IF(OR(E32="IPCA",E32="IGPM"),F32,0) -> 0 | K72: VRTA18 | L72: =N72*12/M72 -> 0.15283484 | M72: 97.36 | N72: 1.24 | O72: 256779 | P72: =O72*M72 -> 25000003
A73: =IF(OR(E33="IPCA",E33="IGPM"),J33,0) -> 30.635033 | B73: =IF(OR(E33="IPCA",E33="IGPM"),F33,0) -> 0.0675 | K73: CPTS11 | L73: =N73*12/M73 -> 0.13454208 | M73: 98.110568 | N73: 1.1 | O73: 11303 | P73: =O73*M73 -> 1108943.8
A74: =IF(OR(E34="IPCA",E34="IGPM"),J34,0) -> 29.502599 | B74: =IF(OR(E34="IPCA",E34="IGPM"),F34,0) -> 0.072 | K74: SNCI15 | L74: =N74*12/M74 -> 0.168 | M74: 100 | N74: 1.4 | O74: 60000 | P74: =O74*M74 -> 6000000
A75: =IF(OR(E35="IPCA",E35="IGPM"),J35,0) -> 29.427151 | B75: =IF(OR(E35="IPCA",E35="IGPM"),F35,0) -> 0.0785 | K75: XPCI11 | L75: =N75*12/M75 -> 0.13745441 | M75: 96.031838 | N75: 1.1 | O75: 136 | P75: =O75*M75 -> 13060.33
A76: =IF(OR(E36="IPCA",E36="IGPM"),J36,0) -> 28.073225 | B76: =IF(OR(E36="IPCA",E36="IGPM"),F36,0) -> 0.12 | K76: BIME11 | L76: =N76*12/M76 -> 0.12 | M76: 10 | N76: 0.1 | O76: 1000000 | P76: =O76*M76 -> 10000000
A77: =IF(OR(E37="IPCA",E37="IGPM"),J37,0) -> 25.553558 | B77: =IF(OR(E37="IPCA",E37="IGPM"),F37,0) -> 0.075 | K77: FLCR11 | L77: =N77*12/M77 -> 0.16526946 | M77: 100.2 | N77: 1.38 | O77: 128803 | P77: =O77*M77 -> 12906061
A78: =IF(OR(E38="IPCA",E38="IGPM"),J38,0) -> 21.355855 | B78: =IF(OR(E38="IPCA",E38="IGPM"),F38,0) -> 0.075 | K78: KIVO14 | L78: 0.12 | M78: 100 | O78: 50000 | P78: =O78*M78 -> 5000000
A79: =IF(OR(E40="IPCA",E40="IGPM"),J40,0) -> 21.123071 | B79: =IF(OR(E40="IPCA",E40="IGPM"),F40,0) -> 0.0723 | K79: GAME11 | L79: =N79*12/M79 -> 0.1296 | M79: 100 | N79: 1.08 | O79: 100000 | P79: =O79*M79 -> 10000000
A80: =IF(OR(E39="IPCA",E39="IGPM"),J39,0) -> 21.256894 | B80: =IF(OR(E39="IPCA",E39="IGPM"),F39,0) -> 0.095 | K80: EQIR11 | L80: =N80*12/M80 -> 0.1284 | M80: 100 | N80: 1.07 | O80: 100000 | P80: =O80*M80 -> 10000000
A81: =IF(OR(E41="IPCA",E41="IGPM"),J41,0) -> 20.40119 | B81: =IF(OR(E41="IPCA",E41="IGPM"),F41,0) -> 0.05 | K81: DIV FII | L81: =SUMPRODUCT(L68:L80,P68:P80)/SUM(P68:P80) -> 0.15210138
A82: =IF(OR(E42="IPCA",E42="IGPM"),J42,0) -> 0 | B82: =IF(OR(E42="IPCA",E42="IGPM"),F42,0) -> 0 | K82: IPCA - Premissa | L82: 0.05
A83: =IF(OR(E43="IPCA",E43="IGPM"),J43,0) -> 0 | B83: =IF(OR(E43="IPCA",E43="IGPM"),F43,0) -> 0 | K83: IPCA + FIIs | L83: =(1+L81)/(1+L82)-1 -> 0.097239412 | M83: =P49 -> 1.7908531e+08
A84: =IF(OR(E44="IPCA",E44="IGPM"),J44,0) -> 18.983387 | B84: =IF(OR(E44="IPCA",E44="IGPM"),F44,0) -> 0.065 | K84: CRI IPCA + | L84: =B91 -> 0.06810194 | M84: =SUM(A59:A90)*1000000 -> 1.2003162e+09
A85: =IF(OR(E45="IPCA",E45="IGPM"),J45,0) -> 15.098314 | B85: =IF(OR(E45="IPCA",E45="IGPM"),F45,0) -> 0.0625 | L85: =SUMPRODUCT(M83:M84,L83:L84)/SUM(M83:M84) -> 0.071884808
A86: =IF(OR(E46="IPCA",E46="IGPM"),J46,0) -> 0 | B86: =IF(OR(E46="IPCA",E46="IGPM"),F46,0) -> 0
A87: =IF(OR(E47="IPCA",E47="IGPM"),J47,0) -> 13.373406 | B87: =IF(OR(E47="IPCA",E47="IGPM"),F47,0) -> 0.06
A88: =IF(OR(E48="IPCA",E48="IGPM"),J48,0) -> 0 | B88: =IF(OR(E48="IPCA",E48="IGPM"),F48,0) -> 0
A89: =IF(OR(E49="IPCA",E49="IGPM"),J49,0) -> 0 | B89: =IF(OR(E49="IPCA",E49="IGPM"),F49,0) -> 0
A90: =IF(OR(E50="IPCA",E50="IGPM"),J50,0) -> 0 | B90: =IF(OR(E50="IPCA",E50="IGPM"),F50,0) -> 0
A91: Infla + | B91: =SUMPRODUCT(B59:B90,A59:A90)/SUM(A59:A90) -> 0.06810194 | C91: =SUM(A59:A90)/J51 -> 0.78264045
A93: Taxa Média de Alocação CDI
A94: Valor
A95: =IF(E20="CDI",J20,0) -> 0 | B95: =IF(E20="CDI",F20,0) -> 0
A96: =IF(E21="CDI",J21,0) -> 0 | B96: =IF(E21="CDI",F21,0) -> 0
A97: =IF(E22="CDI",J22,0) -> 0 | B97: =IF(E22="CDI",F22,0) -> 0
A98: =IF(E28="CDI",J28,0) -> 0 | B98: =IF(E28="CDI",F28,0) -> 0
A99: =IF(E24="CDI",J24,0) -> 0 | B99: =IF(E24="CDI",F24,0) -> 0
A100: =IF(E25="CDI",J25,0) -> 0 | B100: =IF(E25="CDI",F25,0) -> 0
A101: =IF(E27="CDI",J27,0) -> 0 | B101: =IF(E27="CDI",F27,0) -> 0
A102: =IF(E26="CDI",J26,0) -> 0 | B102: =IF(E26="CDI",F26,0) -> 0
A103: =IF(E30="CDI",J30,0) -> 0 | B103: =IF(E30="CDI",F30,0) -> 0
A104: =IF(E33="CDI",J33,0) -> 0 | B104: =IF(E33="CDI",F33,0) -> 0
A105: =IF(E32="CDI",J32,0) -> 32.19881 | B105: =IF(E32="CDI",F32,0) -> 0.05
A106: =IF(E35="CDI",J35,0) -> 0 | B106: =IF(E35="CDI",F35,0) -> 0
A107: =IF(E36="CDI",J36,0) -> 0 | B107: =IF(E36="CDI",F36,0) -> 0
A108: =IF(E29="CDI",J29,0) -> 0 | B108: =IF(E29="CDI",F29,0) -> 0
A109: =IF(E40="CDI",J40,0) -> 0 | B109: =IF(E40="CDI",F40,0) -> 0
A110: =IF(E38="CDI",J38,0) -> 0 | B110: =IF(E38="CDI",F38,0) -> 0
A111: =IF(E42="CDI",J42,0) -> 20.3634 | B111: =IF(E42="CDI",F42,0) -> 0.03
A112: =IF(E44="CDI",J44,0) -> 0 | B112: =IF(E44="CDI",F44,0) -> 0
A113: =IF(E39="CDI",J39,0) -> 0 | B113: =IF(E39="CDI",F39,0) -> 0
A114: =IF(E41="CDI",J41,0) -> 0 | B114: =IF(E41="CDI",F41,0) -> 0
A115: =IF(E43="CDI",J43,0) -> 20.306083 | B115: =IF(E43="CDI",F43,0) -> 0.04
A116: =IF(E45="CDI",J45,0) -> 0 | B116: =IF(E45="CDI",F45,0) -> 0
...

Sheet Info Portfolio
A1: Distribuição por Ativo (R$ MM) | F1: Distribuição por Indexador (R$ MM) | K1: Distribuição por Segmento (R$ MM) | V1: Distribuição por Região (R$ MM) | Z1: CRI | AA1: Garantia | AB1: Valor | AC1: Estado | AD1: De para | AE1: % | AG1: SP | AH1: SP
A2: CRI | B2: =D2/1000000 -> 1288.8293 | C2: =B2/SUM($B$2:$B$4) -> 0.84035351 | D2: =SUM(Tabelão!P19:P48) -> 1.2888293e+09 | F2: IPCA + | G2: =SUMIF(Tabelão!$E$19:$E$49,"IPCA",Tabelão!$J$19:$J$49) -> 1155.4512 | K2: CB II* | L2: =VLOOKUP(K2,Tabelão!B:O,14,0) -> Logístico | M2: =VLOOKUP(K2,Tabelão!$B:$J,9,0) -> 88.307991 | O2: Mix I | V2: Ativo | W2: Região | X2: Valor | Z2: CB | AA2: Jundiaí, Hortolândia, Ribeirão Preto, Cajamar | AB2: =472171062+18000000+55000000+205000000 -> 750171062 | AC2: SP | AD2: =VLOOKUP(AC2,$AG$1:$AH$15,2,0) -> SP | AE2: =AB2/SUM($AB$2:$AB$4) -> 0.69086943 | AG2: RJ | AH2: Sudeste
A3: FII | B3: =D3/1000000 -> 179.08531 | C3: =B3/SUM($B$2:$B$4) -> 0.11676874 | D3: =Tabelão!P49 -> 1.7908531e+08 | F3: FII | G3: =D3/1000000 -> 179.08531 | K3: CB III* | L3: =VLOOKUP(K3,Tabelão!B:O,14,0) -> Logístico | M3: =VLOOKUP(K3,Tabelão!$B:$J,9,0) -> 83.548885 | O3: Comercial | P3: =SUMIF($K$44:$K$602,O3,$L$44:$L$602)/SUM($L$44:$L$602) -> 0.38258599 | V3: CB 1* | W3: SP | X3: =VLOOKUP($V$3,Tabelão!B:J,9,0)*VLOOKUP(W3,$AD$2:$AE$4,2,0) -> 24.285832 | Z3: CB | AA3: Duque de Caxias | AB3: 325665178 | AC3: RJ | AD3: =VLOOKUP(AC3,$AG$1:$AH$15,2,0) -> Sudeste | AE3: =AB3/SUM($AB$2:$AB$4) -> 0.29992108 | AG3: SC | AH3: Sul
A4: Caixa | B4: =D4/1000000 -> 65.760534 | C4: =B4/SUM($B$2:$B$4) -> 0.042877747 | D4: =Tabelão!P50 -> 65760534 | F4: CDI + | G4: =SUMIF(Tabelão!$E$19:$E$49,"CDI",Tabelão!$J$19:$J$49) -> 88.51308 | K4: Mix II* | L4: Residencial | M4: =VLOOKUP(K4,Tabelão!$B:$J,9,0)*P8 -> 26.30763 | O4: Loteamento | P4: =SUMIF($K$44:$K$602,O4,$L$44:$L$602)/SUM($L$44:$L$602) -> 0.31726375 | W4: Sudeste | X4: =VLOOKUP($V$3,Tabelão!B:J,9,0)*VLOOKUP(W4,$AD$2:$AE$4,2,0) -> 10.542995 | Z4: CB | AA4: Taguatinga | AB4: 10000000 | AC4: DF | AD4: =VLOOKUP(AC4,$AG$1:$AH$15,2,0) -> DF | AE4: =AB4/SUM($AB$2:$AB$4) -> 0.0092094918 | AG4: MS | AH4: Centro-Oeste
F5: % CDI | G5: =D4/1000000 -> 65.760534 | L5: Comercial | M5: =VLOOKUP(K4,Tabelão!$B:$J,9,0)*P9 -> 11.293318 | O5: Residencial | P5: =SUMIF($K$44:$K$602,O5,$L$44:$L$602)/SUM($L$44:$L$602) -> 0.30015027 | W5: DF | X5: =VLOOKUP($V$3,Tabelão!B:J,9,0)*VLOOKUP(W5,$AD$2:$AE$4,2,0) -> 0.32373726 | AC5: SP | AG5: RS | AH5: Sul
F6: IGPM + | G6: =SUMIF(Tabelão!$E$19:$E$49,"IGPM",Tabelão!$J$19:$J$49) -> 44.865025 | L6: Loteamento | M6: =VLOOKUP(K4,Tabelão!$B:$J,9,0)*P10 -> 0.099688897 | V6: CB II* | W6: SP | X6: =VLOOKUP($V$6,Tabelão!B:J,9,0)*VLOOKUP(W6,$AD$2:$AE$4,2,0) -> 61.009291 | Z6: Localfrio | AA6: Itajaí | AB6: 65570000 | AC6: SC | AD6: =VLOOKUP(AC6,$AG$1:$AH$15,2,0) -> Sul | AE6: =AB6/SUM($AB$6:$AB$7) -> 0.60773737 | AG6: AM | AH6: Norte
K7: Renda Residencial* | L7: =VLOOKUP(K7,Tabelão!B:O,14,0) -> Residencial | M7: =VLOOKUP(K7,Tabelão!$B:$J,9,0) -> 43.353342 | O7: Mix II | W7: Sudeste | X7: =VLOOKUP($V$6,Tabelão!B:J,9,0)*VLOOKUP(W7,$AD$2:$AE$4,2,0) -> 26.485428 | Z7: Localfrio | AA7: São Paulo | AB7: 42322000 | AC7: SP | AD7: =VLOOKUP(AC7,$AG$1:$AH$15,2,0) -> SP | AE7: =AB7/SUM($AB$6:$AB$7) -> 0.39226263 | AG7: MT | AH7: Centro-Oeste
G8: =G6+G3+G2 -> 1379.4015 | H8: =G8/SUM(G2:G6) -> 0.8994092 | K8: Green Towers | L8: =VLOOKUP(K8,Tabelão!B:O,14,0) -> Comercial | M8: =VLOOKUP(K8,Tabelão!$B:$J,9,0) -> 44.865025 | O8: Residencial | P8: =SUMIF($M$44:$M$240,O8,$N$44:$N$240)/SUM($N$44:$N$240) -> 0.69780334 | W8: DF | X8: =VLOOKUP($V$6,Tabelão!B:J,9,0)*VLOOKUP(W8,$AD$2:$AE$4,2,0) -> 0.81327172 | AG8: BA | AH8: Nordeste
K9: Evolution* | L9: =VLOOKUP(K9,Tabelão!B:O,14,0) -> Comercial | M9: =VLOOKUP(K9,Tabelão!$B:$J,9,0) -> 37.753455 | O9: Comercial | P9: =SUMIF($M$44:$M$240,O9,$N$44:$N$240)/SUM($N$44:$N$240) -> 0.29955244 | V9: CB III* | W9: SP | X9: =VLOOKUP($V$9,Tabelão!B:J,9,0)*VLOOKUP(W9,$AD$2:$AE$4,2,0) -> 57.72137 | Z9: Superfrio | AA9: Barueri | AB9: 73300000 | AC9: SP | AD9: =VLOOKUP(AC9,$AG$1:$AH$15,2,0) -> SP | AE9: =AB9/SUM($AB$9:$AB$10) -> 0.53897059 | AG9: MG | AH9: Sudeste
K10: Plaza Iguatemi | L10: =VLOOKUP(K10,Tabelão!B:O,14,0) -> Comercial | M10: =VLOOKUP(K10,Tabelão!$B:$J,9,0) -> 40.852428 | O10: Loteamento | P10: =SUMIF($M$44:$M$240,O10,$N$44:$N$240)/SUM($N$44:$N$240) -> 0.0026442232 | W10: Sudeste | X10: =VLOOKUP($V$9,Tabelão!B:J,9,0)*VLOOKUP(W10,$AD$2:$AE$4,2,0) -> 25.058072 | Z10: Superfrio | AA10: Duque de Caxias | AB10: 62700000 | AC10: RJ | AD10: =VLOOKUP(AC10,$AG$1:$AH$15,2,0) -> Sudeste | AE10: =AB10/SUM($AB$9:$AB$10) -> 0.46102941 | AG10: DF | AH10: DF
K11: CB 1* | L11: =VLOOKUP(K11,Tabelão!B:O,14,0) -> Logístico | M11: =VLOOKUP(K11,Tabelão!$B:$J,9,0) -> 35.152565 | W11: DF | X11: =VLOOKUP($V$9,Tabelão!B:J,9,0)*VLOOKUP(W11,$AD$2:$AE$4,2,0) -> 0.76944277 | AG11: PA | AH11: Norte
K12: Mix IV* | L12: Residencial | M12: =VLOOKUP(K12,Tabelão!$B:$J,9,0)*P18 -> 21.546013 | O12: Mix III | U12: Mix II (313) | V12: Mix II* | W12: Sudeste | X12: =VLOOKUP($V$12,Tabelão!B:J,9,0)*SUMIFS($AE:$AE,$Z:$Z,$U$12,$AD:$AD,W12) -> 5.2581102 | Z12: Mix III (271) | AA12: Residencial | AB12: 425000 | AC12: SP | AD12: =VLOOKUP(AC12,$AG$1:$AH$16,2,0) -> SP | AE12: =AB12/SUM($AB$12:$AB$182) -> 0.0087388792 | AG12: PR | AH12: Sul
L13: Comercial | M13: =VLOOKUP(K12,Tabelão!$B:$J,9,0)*P19 -> 9.0890193 | O13: Residencial | P13: =SUMIF($O$44:$O$290,O13,$P$44:$P$290)/SUM($P$44:$P$290) -> 0.53820581 | W13: DF | X13: =VLOOKUP($V$12,Tabelão!B:J,9,0)*SUMIFS($AE:$AE,$Z:$Z,$U$12,$AD:$AD,W13) -> 0 | Z13: Mix III (271) | AA13: Comercial | AB13: 285000 | AC13: SP | AD13: =VLOOKUP(AC13,$AG$1:$AH$16,2,0) -> SP | AE13: =AB13/SUM($AB$12:$AB$182) -> 0.0058601896 | AG13: CE | AH13: Nordeste
K14: Sam´s Club* | L14: =VLOOKUP(K14,Tabelão!B:O,14,0) -> Varejo Essencial | M14: =VLOOKUP(K14,Tabelão!$B:$J,9,0) -> 32.19881 | O14: Comercial | P14: =SUMIF($O$44:$O$290,O14,$P$44:$P$290)/SUM($P$44:$P$290) -> 0.31330022 | W14: Centro-Oeste | X14: =VLOOKUP($V$12,Tabelão!B:J,9,0)*SUMIFS($AE:$AE,$Z:$Z,$U$12,$AD:$AD,W14) -> 1.6781614 | Z14: Mix III (271) | AA14: Comercial | AB14: 224070 | AC14: SC | AD14: =VLOOKUP(AC14,$AG$1:$AH$16,2,0) -> Sul | AE14: =AB14/SUM($AB$12:$AB$182) -> 0.0046073427 | AG14: AP | AH14: Norte
K15: Mix 1* | L15: Residencial | M15: =VLOOKUP(K15,Tabelão!$B:$J,9,0)*P5 -> 6.3400955 | O15: Loteamento | P15: =SUMIF($O$44:$O$290,O15,$P$44:$P$290)/SUM($P$44:$P$290) -> 0.14849397 | W15: SP | X15: =VLOOKUP($V$12,Tabelão!B:J,9,0)*SUMIFS($AE:$AE,$Z:$Z,$U$12,$AD:$AD,W15) -> 25.058483 | Z15: Mix III (271) | AA15: Residencial | AB15: 390000 | AC15: SP | AD15: =VLOOKUP(AC15,$AG$1:$AH$16,2,0) -> SP | AE15: =AB15/SUM($AB$12:$AB$182) -> 0.0080192068 | AG15: GO | AH15: Centro-Oeste
L16: Comercial | M16: =VLOOKUP(K15,Tabelão!$B:$J,9,0)*P3 -> 8.0813911 | W16: Sul | X16: =VLOOKUP($V$12,Tabelão!B:J,9,0)*SUMIFS($AE:$AE,$Z:$Z,$U$12,$AD:$AD,W16) -> 2.1606231 | Z16: Mix III (271) | AA16: Residencial | AB16: 369480 | AC16: SP | AD16: =VLOOKUP(AC16,$AG$1:$AH$16,2,0) -> SP | AE16: =AB16/SUM($AB$12:$AB$182) -> 0.0075972731 | AG16: ES | AH16: Sudeste
L17: Loteamento | M17: =VLOOKUP(K15,Tabelão!$B:$J,9,0)*P4 -> 6.7015847 | O17: Mix IV | W17: Nordeste | X17: =VLOOKUP($V$12,Tabelão!B:J,9,0)*SUMIFS($AE:$AE,$Z:$Z,$U$12,$AD:$AD,W17) -> 1.7222232 | Z17: Mix III (271) | AA17: Comercial | AB17: 313000 | AC17: MG | AD17: =VLOOKUP(AC17,$AG$1:$AH$16,2,0) -> Sudeste | AE17: =AB17/SUM($AB$12:$AB$182) -> 0.0064359275
K18: CRI Varejo EssencIal* | L18: =VLOOKUP(K18,Tabelão!B:O,14,0) -> Varejo Essencial | M18: =VLOOKUP(K18,Tabelão!$B:$J,9,0) -> 25.553558 | O18: Residencial | P18: =SUMIF($Q$44:$Q$1000,O18,$R$44:$R$1000)/SUM($R$44:$R$1000) -> 0.70331289 | W18: Norte | X18: =VLOOKUP($V$12,Tabelão!B:J,9,0)*SUMIFS($AE:$AE,$Z:$Z,$U$12,$AD:$AD,W18) -> 1.8230354 | Z18: Mix III (271) | AA18: Residencial | AB18: 1070000 | AC18: SP | AD18: =VLOOKUP(AC18,$AG$1:$AH$16,2,0) -> SP | AE18: =AB18/SUM($AB$12:$AB$182) -> 0.022001413
K19: Business Park* | L19: =VLOOKUP(K19,Tabelão!B:O,14,0) -> Logístico | M19: =VLOOKUP(K19,Tabelão!$B:$J,9,0) -> 36.973695 | O19: Comercial | P19: =SUMIF($Q$44:$Q$1000,O19,$R$44:$R$1000)/SUM($R$44:$R$1000) -> 0.29668711 | V19: Renda Residencial* | W19: SP | X19: =VLOOKUP($V$19,Tabelão!B:J,9,0) -> 43.353342 | Z19: Mix III (271) | AA19: Residencial | AB19: 325827.12 | AC19: RJ | AD19: =VLOOKUP(AC19,$AG$1:$AH$16,2,0) -> Sudeste | AE19: =AB19/SUM($AB$12:$AB$182) -> 0.0066996796 | AG19: Sudeste
K20: Residencial Itaim* | L20: =VLOOKUP(K20,Tabelão!B:O,14,0) -> Residencial | M20: =VLOOKUP(K20,Tabelão!$B:$J,9,0) -> 29.427151 | O20: Loteamento | P20: =SUMIF($Q$44:$Q$1000,O20,$R$44:$R$1000)/SUM($R$44:$R$1000) -> 0 | V20: Green Towers | W20: DF | X20: =VLOOKUP($V$20,Tabelão!B:J,9,0) -> 44.865025 | Z20: Mix III (271) | AA20: Loteamento | AB20: 190741.71 | AC20: DF | AD20: =VLOOKUP(AC20,$AG$1:$AH$16,2,0) -> DF | AE20: =AB20/SUM($AB$12:$AB$182) -> 0.0039220442 | AG20: DF
K21: Vogue Square* | L21: =VLOOKUP(K21,Tabelão!B:O,14,0) -> Hotel | M21: =VLOOKUP(K21,Tabelão!$B:$J,9,0) -> 28.073225 | O21: Pontte | V21: Evolution* | W21: SP | X21: =VLOOKUP($V$21,Tabelão!B:J,9,0) -> 37.753455 | Z21: Mix III (271) | AA21: Loteamento | AB21: 157382.51 | AC21: DF | AD21: =VLOOKUP(AC21,$AG$1:$AH$16,2,0) -> DF | AE21: =AB21/SUM($AB$12:$AB$182) -> 0.0032361099 | AG21: Centro-Oeste
K22: Residencial Campo Belo* | L22: =VLOOKUP(K22,Tabelão!B:O,14,0) -> Residencial | M22: =VLOOKUP(K22,Tabelão!$B:$J,9,0) -> 21.256894 | O22: Residencial | P22: =SUMIF($S$44:$S$1000,O22,$T$44:$T$1000)/SUM($T$44:$T$1000) -> 1 | Q22: deixar automatico mês que vem | V22: Plaza Iguatemi | W22: SP | X22: =VLOOKUP($V$22,Tabelão!B:J,9,0) -> 40.852428 | Z22: Mix III (271) | AA22: Loteamento | AB22: 188162.96 | AC22: DF | AD22: =VLOOKUP(AC22,$AG$1:$AH$16,2,0) -> DF | AE22: =AB22/SUM($AB$12:$AB$182) -> 0.0038690197 | AG22: SP
K23: Tarjab* | L23: =VLOOKUP(K23,Tabelão!B:O,14,0) -> Hotel | M23: =VLOOKUP(K23,Tabelão!$B:$J,9,0) -> 20.306083 | U23: Mix IV (374) | V23: Mix IV* | W23: SP | X23: =VLOOKUP($V$23,Tabelão!B:J,9,0)*SUMIFS($AE:$AE,$Z:$Z,$U$23,$AD:$AD,W23) -> 21.508926 | Z23: Mix III (271) | AA23: Residencial | AB23: 281000 | AC23: SP | AD23: =VLOOKUP(AC23,$AG$1:$AH$16,2,0) -> SP | AE23: =AB23/SUM($AB$12:$AB$182) -> 0.0057779413 | AG23: Sul
K24: Pontte I* | L24: Residencial | M24: =VLOOKUP(K24,Tabelão!$B:$J,9,0)*P22 -> 18.983387 | O24: Harte | W24: Sul | X24: =VLOOKUP($V$23,Tabelão!B:J,9,0)*SUMIFS($AE:$AE,$Z:$Z,$U$23,$AD:$AD,W24) -> 1.4082509 | Z24: Mix III (271) | AA24: Comercial | AB24: 338400 | AC24: SP | AD24: =VLOOKUP(AC24,$AG$1:$AH$16,2,0) -> SP | AE24: =AB24/SUM($AB$12:$AB$182) -> 0.006958204 | AG24: Nordeste
K25: Localfrio | L25: =VLOOKUP(K25,Tabelão!B:O,14,0) -> Logístico | M25: =VLOOKUP(K25,Tabelão!$B:$J,9,0) -> 13.373406 | O25: Comercial | P25: =(4413840+5265000)/15300660 -> 0.63257663 | W25: Sudeste | X25: =VLOOKUP($V$23,Tabelão!B:J,9,0)*SUMIFS($AE:$AE,$Z:$Z,$U$23,$AD:$AD,W25) -> 2.6290234 | Z25: Mix III (271) | AA25: Residencial | AB25: 520000 | AC25: SP | AD25: =VLOOKUP(AC25,$AG$1:$AH$16,2,0) -> SP | AE25: =AB25/SUM($AB$12:$AB$182) -> 0.010692276 | AG25: Norte
K26: Laje Vila Olímpia* | L26: =VLOOKUP(K26,Tabelão!B:O,14,0) -> Comercial | M26: =VLOOKUP(K26,Tabelão!$B:$J,9,0)*P25 -> 0.94028785 | O26: Logístico | P26: =5621820/15300660 -> 0.36742337 | W26: Centro-Oeste | X26: =VLOOKUP($V$23,Tabelão!B:J,9,0)*SUMIFS($AE:$AE,$Z:$Z,$U$23,$AD:$AD,W26) -> 1.5561112 | Z26: Mix III (271) | AA26: Residencial | AB26: 291900.01 | AC26: SP | AD26: =VLOOKUP(AC26,$AG$1:$AH$16,2,0) -> SP | AE26: =AB26/SUM($AB$12:$AB$182) -> 0.006002068
G27: FIIs CRI | H27: 179.1 | L27: Logístico | M27: =VLOOKUP(K26,Tabelão!$B:$J,9,0)*P26 -> 0.54615316 | O27: Total | W27: Nordeste | X27: =VLOOKUP($V$23,Tabelão!B:J,9,0)*SUMIFS($AE:$AE,$Z:$Z,$U$23,$AD:$AD,W27) -> 1.4326083 | Z27: Mix III (271) | AA27: Comercial | AB27: 752000.8 | AC27: MT | AD27: =VLOOKUP(AC27,$AG$1:$AH$16,2,0) -> Centro-Oeste | AE27: =AB27/SUM($AB$12:$AB$182) -> 0.015462692
G28: Caixa | H28: 65.8 | K28: Newport* | L28: =VLOOKUP(K28,Tabelão!B:O,14,0) -> Logístico | M28: =VLOOKUP(K28,Tabelão!$B:$J,9,0) -> 77.009781 | O28: Comercial | P28: =SUMIF($L$2:$L$36,O28,$M$2:$M$36)/SUM($M$2:$M$36) -> 0.43782743 | W28: DF | X28: =VLOOKUP($V$23,Tabelão!B:J,9,0)*SUMIFS($AE:$AE,$Z:$Z,$U$23,$AD:$AD,W28) -> 2.1001129 | Z28: Mix III (271) | AA28: Residencial | AB28: 432859.99 | AC28: SP | AD28: =VLOOKUP(AC28,$AG$1:$AH$16,2,0) -> SP | AE28: =AB28/SUM($AB$12:$AB$182) -> 0.0089004968 | AG28: Sudeste
G29: =SUM(M2:M39)+SUM(H27:H28) -> 1537.927 | K29: RM Square* | L29: =VLOOKUP(K29,Tabelão!B:O,14,0) -> Comercial | M29: =VLOOKUP(K29,Tabelão!$B:$J,9,0) -> 20.3634 | O29: Logístico | P29: =SUMIF($L$2:$L$36,O29,$M$2:$M$36)/SUM($M$2:$M$36) -> 0.28922267 | V29: Sam´s Club* | W29: SP | X29: =VLOOKUP($V$29,Tabelão!B:J,9,0) -> 32.19881 | Z29: Mix III (271) | AA29: Comercial | AB29: 178596.24 | AC29: SP | AD29: =VLOOKUP(AC29,$AG$1:$AH$16,2,0) -> SP | AE29: =AB29/SUM($AB$12:$AB$182) -> 0.0036723081 | AG29: DF
K30: Villa XP | L30: =VLOOKUP(K30,Tabelão!B:O,14,0) -> Comercial | M30: =VLOOKUP(K30,Tabelão!$B:$J,9,0) -> 20.40119 | O30: Residencial | P30: =SUMIF($L$2:$L$36,O30,$M$2:$M$36)/SUM($M$2:$M$36) -> 0.15142001 | U30: Mix I (311) | V30: Mix 1* | W30: Centro-Oeste | X30: =VLOOKUP($V$30,Tabelão!B:J,9,0)*SUMIFS($AE:$AE,$Z:$Z,$U$30,$AD:$AD,W30) -> 1.3923349 | Z30: Mix III (271) | AA30: Comercial | AB30: 296851.45 | AC30: SP | AD30: =VLOOKUP(AC30,$AG$1:$AH$16,2,0) -> SP | AE30: =AB30/SUM($AB$12:$AB$182) -> 0.0061038799 | AG30: SP
K31: CRI Varejo EssencIal II* | L31: =VLOOKUP(K31,Tabelão!B:O,14,0) -> Varejo Essencial | M31: =VLOOKUP(K31,Tabelão!$B:$J,9,0) -> 25.553558 | O31: Varejo Essencial | P31: =SUMIF($L$2:$L$36,O31,$M$2:$M$36)/SUM($M$2:$M$36) -> 0.07194107 | W31: SP | X31: =VLOOKUP($V$30,Tabelão!B:J,9,0)*SUMIFS($AE:$AE,$Z:$Z,$U$30,$AD:$AD,W31) -> 8.990927 | Z31: Mix III (271) | AA31: Comercial | AB31: 259764.3 | AC31: SP | AD31: =VLOOKUP(AC31,$AG$1:$AH$16,2,0) -> SP | AE31: =AB31/SUM($AB$12:$AB$182) -> 0.0053412914 | AG31: Sul
K32: Mix III* | L32: Residencial | M32: =VLOOKUP(K32,Tabelão!$B:$J,9,0)*P13 -> 8.1260002 | O32: Hotel | P32: =SUMIF($L$2:$L$36,O32,$M$2:$M$36)/SUM($M$2:$M$36) -> 0.041779251 | W32: Sul | X32: =VLOOKUP($V$30,Tabelão!B:J,9,0)*SUMIFS($AE:$AE,$Z:$Z,$U$30,$AD:$AD,W32) -> 6.1639829 | Z32: Mix III (271) | AA32: Residencial | AB32: 705761.4 | AC32: SP | AD32: =VLOOKUP(AC32,$AG$1:$AH$16,2,0) -> SP | AE32: =AB32/SUM($AB$12:$AB$182) -> 0.014511914 | AG32: Centro-Oeste
L33: Comercial | M33: =VLOOKUP(K32,Tabelão!$B:$J,9,0)*P14 -> 4.7303049 | O33: Loteamento | P33: =SUMIF($L$2:$L$36,O33,$M$2:$M$36)/SUM($M$2:$M$36) -> 0.0078095693 | W33: Norte | X33: =VLOOKUP($V$30,Tabelão!B:J,9,0)*SUMIFS($AE:$AE,$Z:$Z,$U$30,$AD:$AD,W33) -> 0.73496355 | Z33: Mix III (271) | AA33: Comercial | AB33: 413424.6 | AC33: SP | AD33: =VLOOKUP(AC33,$AG$1:$AH$16,2,0) -> SP | AE33: =AB33/SUM($AB$12:$AB$182) -> 0.008500865 | AG33: Nordeste
L34: Loteamento | M34: =VLOOKUP(K32,Tabelão!$B:$J,9,0)*P15 -> 2.2420085 | W34: Sudeste | X34: =VLOOKUP($V$30,Tabelão!B:J,9,0)*SUMIFS($AE:$AE,$Z:$Z,$U$30,$AD:$AD,W34) -> 1.7872741 | Z34: Mix III (271) | AA34: Residencial | AB34: 249885.59 | AC34: SP | AD34: =VLOOKUP(AC34,$AG$1:$AH$16,2,0) -> SP | AE34: =AB34/SUM($AB$12:$AB$182) -> 0.0051381647 | AG34: Norte
K35: Vista Faria Lima | L35: Comercial | M35: =VLOOKUP(K35,Tabelão!$B:$J,9,0) -> 14.158346 | W35: DF | X35: =VLOOKUP($V$30,Tabelão!B:J,9,0)*SUMIFS($AE:$AE,$Z:$Z,$U$30,$AD:$AD,W35) -> 1.7838387 | Z35: Mix III (271) | AA35: Comercial | AB35: 185560 | AC35: SP | AD35: =VLOOKUP(AC35,$AG$1:$AH$16,2,0) -> SP | AE35: =AB35/SUM($AB$12:$AB$182) -> 0.0038154975
K36: =Tabelão!B19 -> WT Morumbi* | L36: Comercial | M36: =VLOOKUP(K36,Tabelão!$B:$J,9,0) -> 294.46484 | W36: Nordeste | X36: =VLOOKUP($V$30,Tabelão!B:J,9,0)*SUMIFS($AE:$AE,$Z:$Z,$U$30,$AD:$AD,W36) -> 0.26975027 | Z36: Mix III (271) | AA36: Comercial | AB36: 167004 | AC36: SP | AD36: =VLOOKUP(AC36,$AG$1:$AH$16,2,0) -> SP | AE36: =AB36/SUM($AB$12:$AB$182) -> 0.0034339477
K37: Superfrio* | L37: Logístico | M37: =VLOOKUP(K37,Tabelão!$B:$J,9,0) -> 70.968355 | V37: CRI Varejo EssencIal* | W37: SP | X37: =VLOOKUP($V$37,Tabelão!B:J,9,0) -> 25.553558 | Z37: Mix III (271) | AA37: Residencial | AB37: 760000 | AC37: MS | AD37: =VLOOKUP(AC37,$AG$1:$AH$16,2,0) -> Centro-Oeste | AE37: =AB37/SUM($AB$12:$AB$182) -> 0.015627172
K38: Maiojama* | L38: Residencial | M38: =VLOOKUP(K38,Tabelão!$B:$J,9,0) -> 34.581519 | V38: Business Park* | W38: DF | X38: =VLOOKUP($V$38,Tabelão!B:J,9,0) -> 36.973695 | Z38: Mix III (271) | AA38: Residencial | AB38: 607000 | AC38: RS | AD38: =VLOOKUP(AC38,$AG$1:$AH$16,2,0) -> Sul | AE38: =AB38/SUM($AB$12:$AB$182) -> 0.012481176
K39: Alianza Guarulhos* | L39: Logístico | M39: =VLOOKUP(K39,Tabelão!$B:$J,9,0) -> 29.502599 | V39: Residencial Itaim* | W39: SP | X39: =VLOOKUP($V$39,Tabelão!B:J,9,0) -> 29.427151 | Z39: Mix III (271) | AA39: Residencial | AB39: 505978.73 | AC39: MT | AD39: =VLOOKUP(AC39,$AG$1:$AH$16,2,0) -> Centro-Oeste | AE39: =AB39/SUM($AB$12:$AB$182) -> 0.010403969
V40: Vogue Square* | W40: Sudeste | X40: =VLOOKUP($V$40,Tabelão!B:J,9,0) -> 28.073225 | Z40: Mix III (271) | AA40: Comercial | AB40: 141422.4 | AC40: RJ | AD40: =VLOOKUP(AC40,$AG$1:$AH$16,2,0) -> Sudeste | AE40: =AB40/SUM($AB$12:$AB$182) -> 0.0029079371
J41: Report fev: | K41: 295 | M41: 245 | O41: 158 | Q41: 183 | S41: 85 | V41: Residencial Campo Belo* | W41: SP | X41: =VLOOKUP($V$41,Tabelão!B:J,9,0) -> 21.256894 | Z41: Mix III (271) | AA41: Comercial | AB41: 85310.4 | AC41: RJ | AD41: =VLOOKUP(AC41,$AG$1:$AH$16,2,0) -> Sudeste | AE41: =AB41/SUM($AB$12:$AB$182) -> 0.0017541583
K42: Mix I - 311 | M42: Mix II - 313 | O42: Mix III - 271 | Q42: Mix IV - 374 | S42: Pontte - 376 | V42: Tarjab* | W42: SP | X42: =VLOOKUP($V$42,Tabelão!B:J,9,0) -> 20.306083 | Z42: Mix III (271) | AA42: Comercial | AB42: 114542.4 | AC42: RJ | AD42: =VLOOKUP(AC42,$AG$1:$AH$16,2,0) -> Sudeste | AE42: =AB42/SUM($AB$12:$AB$182) -> 0.0023552287
K43: Tipo | L43: Valor Crédito | M43: Tipo | N43: Valor Crédito | O43: Tipo | P43: Valor Crédito | Q43: Tipo | R43: Valor Crédito | S43: Tipo | T43: Valor Crédito | V43: Pontte I* | W43: SP | X43: =VLOOKUP($V$43,Tabelão!B:J,9,0) -> 18.983387 | Z43: Mix III (271) | AA43: Comercial | AB43: 85545.6 | AC43: RJ | AD43: =VLOOKUP(AC43,$AG$1:$AH$16,2,0) -> Sudeste | AE43: =AB43/SUM($AB$12:$AB$182) -> 0.0017589945
K44: Loteamento | L44: 105076.24 | M44: Comercial | N44: 201443.72 | O44: Residencial | P44: 268499.15 | Q44: Comercial | R44: 280012.24 | S44: Residencial | T44: 109704.23 | V44: Localfrio | W44: SP | X44: =VLOOKUP($V$44,Tabelão!B:J,9,0)*VLOOKUP(W44,$AD$6:$AE$7,2,0) -> 5.2458873 | Z44: Mix III (271) | AA44: Comercial | AB44: 87460.8 | AC44: RJ | AD44: =VLOOKUP(AC44,$AG$1:$AH$16,2,0) -> Sudeste | AE44: =AB44/SUM($AB$12:$AB$182) -> 0.001798375
K45: Loteamento | L45: 107964.29 | M45: Comercial | N45: 216093.86 | O45: Comercial | P45: 184112.38 | Q45: Residencial | R45: 222128.19 | S45: Residencial | T45: 576696.2 | W45: Sul | X45: =VLOOKUP($V$44,Tabelão!B:J,9,0)*VLOOKUP(W45,$AD$6:$AE$7,2,0) -> 8.1275183 | Z45: Mix III (271) | AA45: Comercial | AB45: 193205 | AC45: RJ | AD45: =VLOOKUP(AC45,$AG$1:$AH$16,2,0) -> Sudeste | AE45: =AB45/SUM($AB$12:$AB$182) -> 0.0039726945
K46: Loteamento | L46: 43733.403 | M46: Comercial | N46: 90845.016 | O46: Comercial | P46: 153717.87 | Q46: Residencial | R46: 261390.64 | S46: Residencial | T46: 193270.31 | V46: Laje Vila Olímpia* | W46: SP | X46: =VLOOKUP($V$46,Tabelão!B:J,9,0) -> 1.486441 | Z46: Mix III (271) | AA46: Residencial | AB46: 668754.53 | AC46: RJ | AD46: =VLOOKUP(AC46,$AG$1:$AH$16,2,0) -> Sudeste | AE46: =AB46/SUM($AB$12:$AB$182) -> 0.013750977
K47: Loteamento | L47: 124399.05 | M47: Comercial | N47: 175972.55 | O47: Residencial | P47: 204318.2 | Q47: Comercial | R47: 289501.17 | S47: Residencial | T47: 2307379.7 | V47: Newport* | W47: Centro-Oeste | X47: =VLOOKUP($V$47,Tabelão!B:J,9,0) -> 77.009781 | Z47: Mix III (271) | AA47: Comercial | AB47: 163285 | AC47: RJ | AD47: =VLOOKUP(AC47,$AG$1:$AH$16,2,0) -> Sudeste | AE47: =AB47/SUM($AB$12:$AB$182) -> 0.0033574774
K48: Loteamento | L48: 142139.48 | M48: Residencial | N48: 589721.16 | O48: Residencial | P48: 259659.75 | Q48: Comercial | R48: 250146.3 | S48: Residencial | T48: 208882.62 | V48: RM Square* | W48: SP | X48: =VLOOKUP($V$48,Tabelão!B:J,9,0) -> 20.3634 | Z48: Mix III (271) | AA48: Residencial | AB48: 50171.25 | AC48: MG | AD48: =VLOOKUP(AC48,$AG$1:$AH$16,2,0) -> Sudeste | AE48: =AB48/SUM($AB$12:$AB$182) -> 0.0010316247
K49: Loteamento | L49: 136648.64 | M49: Residencial | N49: 618377.13 | O49: Comercial | P49: 196084.47 | Q49: Residencial | R49: 262522.82 | S49: Residencial | T49: 270279.28 | V49: Villa XP | W49: SP | X49: =VLOOKUP($V$49,Tabelão!B:J,9,0) -> 20.40119 | Z49: Mix III (271) | AA49: Residencial | AB49: 50171.25 | AC49: MG | AD49: =VLOOKUP(AC49,$AG$1:$AH$16,2,0) -> Sudeste | AE49: =AB49/SUM($AB$12:$AB$182) -> 0.0010316247
K50: Loteamento | L50: 34471.239 | M50: Comercial | N50: 122129.78 | O50: Residencial | P50: 1301819.2 | Q50: Comercial | R50: 605890.02 | S50: Residencial | T50: 573722.05 | V50: CRI Varejo EssencIal II* | W50: SP | X50: =VLOOKUP($V$50,Tabelão!B:J,9,0) -> 25.553558 | Z50: Mix III (271) | AA50: Loteamento | AB50: 88767.285 | AC50: PR | AD50: =VLOOKUP(AC50,$AG$1:$AH$16,2,0) -> Sul | AE50: =AB50/SUM($AB$12:$AB$182) -> 0.001825239
K51: Loteamento | L51: 56158.249 | M51: Residencial | N51: 81961.368 | O51: Residencial | P51: 256312.91 | Q51: Residencial | R51: 128397.97 | S51: Residencial | T51: 1647427.1 | U51: Mix III (271) | V51: Mix III* | W51: Sudeste | X51: =VLOOKUP($V$51,Tabelão!B:J,9,0)*SUMIFS($AE:$AE,$Z:$Z,$U$51,$AD:$AD,W51) -> 1.0992718 | Z51: Mix III (271) | AA51: Residencial | AB51: 292500 | AC51: SP | AD51: =VLOOKUP(AC51,$AG$1:$AH$16,2,0) -> SP | AE51: =AB51/SUM($AB$12:$AB$182) -> 0.0060144051
K52: Loteamento | L52: 44956.567 | M52: Comercial | N52: 315796.02 | O52: Loteamento | P52: 37576.027 | Q52: Comercial | R52: 294317.7 | S52: Residencial | T52: 177390.79 | W52: DF | X52: =VLOOKUP($V$51,Tabelão!B:J,9,0)*SUMIFS($AE:$AE,$Z:$Z,$U$51,$AD:$AD,W52) -> 0.16649173 | Z52: Mix III (271) | AA52: Loteamento | AB52: 88767.285 | AC52: PR | AD52: =VLOOKUP(AC52,$AG$1:$AH$16,2,0) -> Sul | AE52: =AB52/SUM($AB$12:$AB$182) -> 0.001825239
K53: Loteamento | L53: 133606.28 | M53: Comercial | N53: 258360.75 | O53: Loteamento | P53: 24885.666 | Q53: Comercial | R53: 195466.66 | S53: Residencial | T53: 386135.72 | W53: SP | X53: =VLOOKUP($V$51,Tabelão!B:J,9,0)*SUMIFS($AE:$AE,$Z:$Z,$U$51,$AD:$AD,W53) -> 8.6437476 | Z53: Mix III (271) | AA53: Residencial | AB53: 386836.35 | AC53: SP | AD53: =VLOOKUP(AC53,$AG$1:$AH$16,2,0) -> SP | AE53: =AB53/SUM($AB$12:$AB$182) -> 0.0079541556
K54: Loteamento | L54: 78397.372 | M54: Residencial | N54: 306901.96 | O54: Loteamento | P54: 115553.02 | Q54: Residencial | R54: 381052.06 | S54: Residencial | T54: 352069.44 | W54: Sul | X54: =VLOOKUP($V$51,Tabelão!B:J,9,0)*SUMIFS($AE:$AE,$Z:$Z,$U$51,$AD:$AD,W54) -> 1.1601884 | Z54: Mix III (271) | AA54: Residencial | AB54: 393000 | AC54: SP | AD54: =VLOOKUP(AC54,$AG$1:$AH$16,2,0) -> SP | AE54: =AB54/SUM($AB$12:$AB$182) -> 0.008080893
K55: Loteamento | L55: 55716.046 | M55: Residencial | N55: 381925.24 | O55: Residencial | P55: 376748.82 | Q55: Comercial | R55: 154174.85 | S55: Residencial | T55: 4453117.4 | W55: Centro-Oeste | X55: =VLOOKUP($V$51,Tabelão!B:J,9,0)*SUMIFS($AE:$AE,$Z:$Z,$U$51,$AD:$AD,W55) -> 3.6123839 | Z55: Mix III (271) | AA55: Comercial | AB55: 248970.39 | AC55: MT | AD55: =VLOOKUP(AC55,$AG$1:$AH$16,2,0) -> Centro-Oeste | AE55: =AB55/SUM($AB$12:$AB$182) -> 0.0051193463
K56: Loteamento | L56: 56747.219 | M56: Residencial | N56: 345853.31 | O56: Comercial | P56: 77907.504 | Q56: Comercial | R56: 233477.58 | S56: Residencial | T56: 263368.98 | W56: Nordeste | X56: =VLOOKUP($V$51,Tabelão!B:J,9,0)*SUMIFS($AE:$AE,$Z:$Z,$U$51,$AD:$AD,W56) -> 0.34966595 | Z56: Mix III (271) | AA56: Comercial | AB56: 253597.34 | AC56: SP | AD56: =VLOOKUP(AC56,$AG$1:$AH$16,2,0) -> SP | AE56: =AB56/SUM($AB$12:$AB$182) -> 0.005214486
K57: Loteamento | L57: 79221.316 | M57: Residencial | N57: 81806.735 | O57: Residencial | P57: 473404.06 | Q57: Residencial | R57: 126763.17 | S57: Residencial | T57: 158386.51 | W57: Norte | X57: =VLOOKUP($V$51,Tabelão!B:J,9,0)*SUMIFS($AE:$AE,$Z:$Z,$U$51,$AD:$AD,W57) -> 0.066564245 | Z57: Mix III (271) | AA57: Comercial | AB57: 190000 | AC57: SP | AD57: =VLOOKUP(AC57,$AG$1:$AH$16,2,0) -> SP | AE57: =AB57/SUM($AB$12:$AB$182) -> 0.003906793
K58: Loteamento | L58: 39831.807 | M58: Residencial | N58: 158121.93 | O58: Residencial | P58: 148601.19 | Q58: Comercial | R58: 143836.02 | S58: Residencial | T58: 247192.75 | V58: Vista Faria Lima | W58: SP | X58: =VLOOKUP($V$50,Tabelão!B:J,9,0) -> 25.553558 | Z58: Mix III (271) | AA58: Comercial | AB58: 232540.01 | AC58: SP | AD58: =VLOOKUP(AC58,$AG$1:$AH$16,2,0) -> SP | AE58: =AB58/SUM($AB$12:$AB$182) -> 0.0047815037
K59: Loteamento | L59: 61358.006 | M59: Residencial | N59: 211862.97 | O59: Comercial | P59: 646715.06 | Q59: Comercial | R59: 310357.8 | S59: Residencial | T59: 209323.91 | V59: WT Morumbi* | W59: SP | X59: =VLOOKUP($V$59,Tabelão!B:J,9,0) -> 294.46484 | Z59: Mix III (271) | AA59: Comercial | AB59: 185774.91 | AC59: SP | AD59: =VLOOKUP(AC59,$AG$1:$AH$16,2,0) -> SP | AE59: =AB59/SUM($AB$12:$AB$182) -> 0.0038199164
K60: Loteamento | L60: 40778.137 | M60: Comercial | N60: 182411.43 | O60: Residencial | P60: 377397 | Q60: Comercial | R60: 238022.47 | S60: Residencial | T60: 403799.94 | V60: Superfrio* | W60: SP | X60: =VLOOKUP($V$60,Tabelão!B:J,9,0)*AE9 -> 38.249856 | Z60: Mix III (271) | AA60: Comercial | AB60: 212001 | AC60: SC | AD60: =VLOOKUP(AC60,$AG$1:$AH$16,2,0) -> Sul | AE60: =AB60/SUM($AB$12:$AB$182) -> 0.0043591791
K61: Loteamento | L61: 23159.88 | M61: Comercial | N61: 10619.831 | O61: Comercial | P61: 223798.37 | Q61: Comercial | R61: 238022.47 | S61: Residencial | T61: 100349.28 | W61: Sudeste | X61: =VLOOKUP($V$60,Tabelão!B:J,9,0)*AE10 -> 32.718499 | Z61: Mix III (271) | AA61: Comercial | AB61: 270000 | AC61: MT | AD61: =VLOOKUP(AC61,$AG$1:$AH$16,2,0) -> Centro-Oeste | AE61: =AB61/SUM($AB$12:$AB$182) -> 0.0055517585
K62: Loteamento | L62: 41605.186 | M62: Comercial | N62: 18309.707 | O62: Comercial | P62: 255425.22 | Q62: Comercial | R62: 238022.4 | S62: Residencial | T62: 158905.53 | V62: Maiojama* | W62: Sul | X62: =VLOOKUP($V$62,Tabelão!B:J,9,0) -> 34.581519 | Z62: Mix III (271) | AA62: Comercial | AB62: 264030.39 | AC62: MT | AD62: =VLOOKUP(AC62,$AG$1:$AH$16,2,0) -> Centro-Oeste | AE62: =AB62/SUM($AB$12:$AB$182) -> 0.005429011
K63: Loteamento | L63: 72958.926 | M63: Comercial | N63: 18309.707 | O63: Comercial | P63: 274447.07 | Q63: Residencial | R63: 375582.47 | S63: Residencial | T63: 256565.23 | Z63: Mix III (271) | AA63: Residencial | AB63: 331200 | AC63: SP | AD63: =VLOOKUP(AC63,$AG$1:$AH$16,2,0) -> SP | AE63: =AB63/SUM($AB$12:$AB$182) -> 0.0068101571
K64: Loteamento | L64: 25746.328 | M64: Comercial | N64: 102350.01 | O64: Residencial | P64: 881329.16 | Q64: Comercial | R64: 208418.47 | S64: Residencial | T64: 714147.2 | V64: SP | W64: =SUMIF($W$3:$W$62,V64,$X$3:$X$62)/SUM($X$3:$X$62) -> 0.71237623 | Z64: Mix III (271) | AA64: Residencial | AB64: 745000 | AC64: SC | AD64: =VLOOKUP(AC64,$AG$1:$AH$16,2,0) -> Sul | AE64: =AB64/SUM($AB$12:$AB$182) -> 0.015318741
K65: Loteamento | L65: 27459.661 | M65: Residencial | N65: 225761.91 | O65: Comercial | P65: 521540.57 | Q65: Comercial | R65: 237031.47 | S65: Residencial | T65: 785924.18 | V65: Sudeste | W65: =SUMIF($W$3:$W$62,V65,$X$3:$X$62)/SUM($X$3:$X$62) -> 0.10483163 | Z65: Mix III (271) | AA65: Comercial | AB65: 455285 | AC65: SP | AD65: =VLOOKUP(AC65,$AG$1:$AH$16,2,0) -> SP | AE65: =AB65/SUM($AB$12:$AB$182) -> 0.0093616014
K66: Loteamento | L66: 45881.648 | M66: Comercial | N66: 29077.415 | O66: Residencial | P66: 250810.14 | Q66: Comercial | R66: 208414.86 | S66: Residencial | T66: 211258.63 | V66: DF | W66: =SUMIF($W$3:$W$62,V66,$X$3:$X$62)/SUM($X$3:$X$62) -> 0.068863649 | Z66: Mix III (271) | AA66: Residencial | AB66: 225000 | AC66: SP | AD66: =VLOOKUP(AC66,$AG$1:$AH$16,2,0) -> SP | AE66: =AB66/SUM($AB$12:$AB$182) -> 0.0046264654
K67: Loteamento | L67: 40485.971 | M67: Comercial | N67: 29192.8 | O67: Comercial | P67: 35732.191 | Q67: Comercial | R67: 208414.86 | S67: Residencial | T67: 574789.32 | V67: Centro-Oeste | W67: =SUMIF($W$3:$W$62,V67,$X$3:$X$62)/SUM($X$3:$X$62) -> 0.066865999 | Z67: Mix III (271) | AA67: Comercial | AB67: 199000 | AC67: SP | AD67: =VLOOKUP(AC67,$AG$1:$AH$16,2,0) -> SP | AE67: =AB67/SUM($AB$12:$AB$182) -> 0.0040918517
K68: Loteamento | L68: 157154.11 | M68: Comercial | N68: 407013.85 | O68: Comercial | P68: 23754.838 | Q68: Comercial | R68: 208414.86 | S68: Residencial | T68: 260910.06 | V68: Sul | W68: =SUMIF($W$3:$W$62,V68,$X$3:$X$62)/SUM($X$3:$X$62) -> 0.042043501 | Z68: Mix III (271) | AA68: Residencial | AB68: 435001.6 | AC68: SP | AD68: =VLOOKUP(AC68,$AG$1:$AH$16,2,0) -> SP | AE68: =AB68/SUM($AB$12:$AB$182) -> 0.0089445328
K69: Loteamento | L69: 65535.417 | M69: Residencial | N69: 778855.06 | O69: Residencial | P69: 789726.93 | Q69: Comercial | R69: 223076.06 | S69: Residencial | T69: 134036.73 | V69: Norte/Nordeste | W69: =SUM(W70:W71) -> 0.0050189918 | Z69: Mix III (271) | AA69: Comercial | AB69: 293000 | AC69: SP | AD69: =VLOOKUP(AC69,$AG$1:$AH$16,2,0) -> SP | AE69: =AB69/SUM($AB$12:$AB$182) -> 0.0060246861
K70: Loteamento | L70: 38332.7 | M70: Residencial | N70: 531486.27 | O70: Residencial | P70: 207866.23 | Q70: Comercial | R70: 237018.25 | S70: Residencial | T70: 401369.8 | V70: Nordeste | W70: =SUMIF($W$3:$W$62,V70,$X$3:$X$62)/SUM($X$3:$X$62) -> 0.002960381 | Z70: Mix III (271) | AA70: Residencial | AB70: 453794.26 | AC70: SP | AD70: =VLOOKUP(AC70,$AG$1:$AH$16,2,0) -> SP | AE70: =AB70/SUM($AB$12:$AB$182) -> 0.0093309487
K71: Loteamento | L71: 52074.851 | M71: Comercial | N71: 125418.51 | O71: Residencial | P71: 655489.73 | Q71: Comercial | R71: 253732.35 | S71: Residencial | T71: 181637.16 | V71: Norte | W71: =SUMIF($W$3:$W$62,V71,$X$3:$X$62)/SUM($X$3:$X$62) -> 0.0020586108 | Z71: Mix III (271) | AA71: Residencial | AB71: 452650 | AC71: SP | AD71: =VLOOKUP(AC71,$AG$1:$AH$16,2,0) -> SP | AE71: =AB71/SUM($AB$12:$AB$182) -> 0.0093074204
K72: Loteamento | L72: 122726.94 | M72: Residencial | N72: 719426.7 | O72: Comercial | P72: 9426.3161 | Q72: Residencial | R72: 702030.25 | S72: Residencial | T72: 91257.915 | Z72: Mix III (271) | AA72: Residencial | AB72: 645000.6 | AC72: SP | AD72: =VLOOKUP(AC72,$AG$1:$AH$16,2,0) -> SP | AE72: =AB72/SUM($AB$12:$AB$182) -> 0.013262547
K73: Loteamento | L73: 122726.94 | M73: Comercial | N73: 358001.1 | O73: Comercial | P73: 43184.014 | Q73: Residencial | R73: 763396.39 | S73: Residencial | T73: 91257.915 | Z73: Mix III (271) | AA73: Residencial | AB73: 506000 | AC73: SP | AD73: =VLOOKUP(AC73,$AG$1:$AH$16,2,0) -> SP | AE73: =AB73/SUM($AB$12:$AB$182) -> 0.010404407
K74: Loteamento | L74: 44323.171 | M74: Residencial | N74: 36403.548 | O74: Comercial | P74: 103255.22 | Q74: Comercial | R74: 298895.65 | S74: Residencial | T74: 91257.915 | Z74: Mix III (271) | AA74: Comercial | AB74: 230000.4 | AC74: SP | AD74: =VLOOKUP(AC74,$AG$1:$AH$16,2,0) -> SP | AE74: =AB74/SUM($AB$12:$AB$182) -> 0.004729284
K75: Loteamento | L75: 35650.132 | M75: Comercial | N75: 301702.69 | O75: Comercial | P75: 71319.197 | Q75: Comercial | R75: 224003.21 | S75: Residencial | T75: 91257.915 | Z75: Mix III (271) | AA75: Comercial | AB75: 180000 | AC75: SP | AD75: =VLOOKUP(AC75,$AG$1:$AH$16,2,0) -> SP | AE75: =AB75/SUM($AB$12:$AB$182) -> 0.0037011724
K76: Loteamento | L76: 49111.534 | M76: Comercial | N76: 192627.45 | O76: Comercial | P76: 94826.723 | Q76: Comercial | R76: 224003.21 | S76: Residencial | T76: 114869.91 | Z76: Mix III (271) | AA76: Residencial | AB76: 505001.4 | AC76: SP | AD76: =VLOOKUP(AC76,$AG$1:$AH$16,2,0) -> SP | AE76: =AB76/SUM($AB$12:$AB$182) -> 0.010383873
K77: Loteamento | L77: 36945.895 | M77: Comercial | N77: 192627.45 | O77: Comercial | P77: 109881.58 | Q77: Comercial | R77: 224003.21 | S77: Residencial | T77: 116696.24 | Z77: Mix III (271) | AA77: Comercial | AB77: 380001.52 | AC77: SP | AD77: =VLOOKUP(AC77,$AG$1:$AH$16,2,0) -> SP | AE77: =AB77/SUM($AB$12:$AB$182) -> 0.0078136173
K78: Loteamento | L78: 32504.895 | M78: Comercial | N78: 192627.45 | O78: Residencial | P78: 125153.85 | Q78: Comercial | R78: 243318.98 | S78: Residencial | T78: 119505.7 | Z78: Mix III (271) | AA78: Comercial | AB78: 436310 | AC78: BA | AD78: =VLOOKUP(AC78,$AG$1:$AH$16,2,0) -> Nordeste | AE78: =AB78/SUM($AB$12:$AB$182) -> 0.0089714362
K79: Loteamento | L79: 30125.75 | M79: Comercial | N79: 192627.45 | O79: Comercial | P79: 21222.529 | Q79: Comercial | R79: 312057.48 | S79: Residencial | T79: 287825.01 | Z79: Mix III (271) | AA79: Loteamento | AB79: 104432.1 | AC79: PR | AD79: =VLOOKUP(AC79,$AG$1:$AH$16,2,0) -> Sul | AE79: =AB79/SUM($AB$12:$AB$182) -> 0.00214734
K80: Loteamento | L80: 43282.299 | M80: Comercial | N80: 192627.45 | O80: Residencial | P80: 29586.014 | Q80: Residencial | R80: 583314.12 | S80: Residencial | T80: 292377.41 | Z80: Mix III (271) | AA80: Loteamento | AB80: 104432.1 | AC80: PR | AD80: =VLOOKUP(AC80,$AG$1:$AH$16,2,0) -> Sul | AE80: =AB80/SUM($AB$12:$AB$182) -> 0.00214734
K81: Loteamento | L81: 133961.46 | M81: Comercial | N81: 112123.24 | O81: Residencial | P81: 36918.195 | Q81: Comercial | R81: 242732.71 | S81: Residencial | T81: 308226.77 | Z81: Mix III (271) | AA81: Loteamento | AB81: 104432.1 | AC81: PR | AD81: =VLOOKUP(AC81,$AG$1:$AH$16,2,0) -> Sul | AE81: =AB81/SUM($AB$12:$AB$182) -> 0.00214734
K82: Loteamento | L82: 49982.507 | M82: Comercial | N82: 155222.77 | O82: Loteamento | P82: 68607.861 | Q82: Comercial | R82: 235562.01 | S82: Residencial | T82: 334879.54 | Z82: Mix III (271) | AA82: Loteamento | AB82: 104432.1 | AC82: PR | AD82: =VLOOKUP(AC82,$AG$1:$AH$16,2,0) -> Sul | AE82: =AB82/SUM($AB$12:$AB$182) -> 0.00214734
K83: Loteamento | L83: 8763.1031 | M83: Comercial | N83: 120905.23 | O83: Residencial | P83: 272498.63 | Q83: Comercial | R83: 14119.208 | S83: Residencial | T83: 683628.76 | Z83: Mix III (271) | AA83: Loteamento | AB83: 104432.1 | AC83: PR | AD83: =VLOOKUP(AC83,$AG$1:$AH$16,2,0) -> Sul | AE83: =AB83/SUM($AB$12:$AB$182) -> 0.00214734
... K128: Loteamento | L128: 85346.179 | M128: Residencial | N128: 408580.26 | O128: Residencial | P128: 33843.898 | Q128: Residencial | R128: 746567.76 | S128: Residencial | T128: 2411655.6 | Z128: Mix III (271) | AA128: Residencial | AB128: 690000.4 | AC128: BA | AD128: =VLOOKUP(AC128,$AG$1:$AH$16,2,0) -> Nordeste | AE128: =AB128/SUM($AB$12:$AB$182) -> 0.014187836
K129: Loteamento | L129: 44035.353 | M129: Residencial | N129: 473208.79 | O129: Comercial | P129: 52446.22 | Q129: Comercial | R129: 231373.29 | Z129: Mix III (271) | AA129: Comercial | AB129: 210000 | AC129: SP | AD129: =VLOOKUP(AC129,$AG$1:$AH$16,2,0) -> SP | AE129: =AB129/SUM($AB$12:$AB$182) -> 0.0043180344
K130: Loteamento | L130: 43628.448 | M130: Residencial | N130: 504339.57 | O130: Comercial | P130: 437254.22 | Q130: Comercial | R130: 117898.39 | Z130: Mix III (271) | AA130: Comercial | AB130: 200000 | AC130: SP | AD130: =VLOOKUP(AC130,$AG$1:$AH$16,2,0) -> SP | AE130: =AB130/SUM($AB$12:$AB$182) -> 0.0041124137
K131: Loteamento | L131: 44997.98 | M131: Residencial | N131: 498426.82 | O131: Comercial | P131: 311936.01 | Q131: Comercial | R131: 239728.96 | Z131: Mix III (271) | AA131: Comercial | AB131: 205000.45 | AC131: SC | AD131: =VLOOKUP(AC131,$AG$1:$AH$16,2,0) -> Sul | AE131: =AB131/SUM($AB$12:$AB$182) -> 0.0042152333
K132: Loteamento | L132: 43281.077 | M132: Residencial | N132: 484457.18 | O132: Comercial | P132: 289103.06 | Q132: Comercial | R132: 237027.93 | Z132: Mix III (271) | AA132: Comercial | AB132: 203900 | AC132: SP | AD132: =VLOOKUP(AC132,$AG$1:$AH$16,2,0) -> SP | AE132: =AB132/SUM($AB$12:$AB$182) -> 0.0041926058
K133: Loteamento | L133: 46853.295 | M133: Residencial | N133: 73784.517 | O133: Comercial | P133: 103175.61 | Q133: Residencial | R133: 556853.58 | Z133: Mix III (271) | AA133: Comercial | AB133: 203900 | AC133: SP | AD133: =VLOOKUP(AC133,$AG$1:$AH$16,2,0) -> SP | AE133: =AB133/SUM($AB$12:$AB$182) -> 0.0041926058
K134: Loteamento | L134: 46849.5 | M134: Residencial | N134: 411463.52 | O134: Residencial | P134: 1305109.9 | Q134: Residencial | R134: 56827.051 | Z134: Mix III (271) | AA134: Comercial | AB134: 235000 | AC134: SP | AD134: =VLOOKUP(AC134,$AG$1:$AH$16,2,0) -> SP | AE134: =AB134/SUM($AB$12:$AB$182) -> 0.0048320861
K135: Loteamento | L135: 46786.755 | M135: Residencial | N135: 467829.44 | O135: Comercial | P135: 265965.84 | Q135: Comercial | R135: 210919.47 | Z135: Mix III (271) | AA135: Comercial | AB135: 244306.2 | AC135: SP | AD135: =VLOOKUP(AC135,$AG$1:$AH$16,2,0) -> SP | AE135: =AB135/SUM($AB$12:$AB$182) -> 0.0050234408
K136: Loteamento | L136: 45520.063 | M136: Residencial | N136: 535395.4 | O136: Comercial | P136: 286304.22 | Q136: Residencial | R136: 1437818.9 | Z136: Mix III (271) | AA136: Residencial | AB136: 574771.55 | AC136: SP | AD136: =VLOOKUP(AC136,$AG$1:$AH$16,2,0) -> SP | AE136: =AB136/SUM($AB$12:$AB$182) -> 0.011818492
K137: Loteamento | L137: 45452.339 | M137: Residencial | N137: 407702.74 | O137: Comercial | P137: 281127.27 | Q137: Comercial | R137: 283321.06 | Z137: Mix III (271) | AA137: Residencial | AB137: 348091.15 | AC137: SP | AD137: =VLOOKUP(AC137,$AG$1:$AH$16,2,0) -> SP | AE137: =AB137/SUM($AB$12:$AB$182) -> 0.0071574741
K138: Loteamento | L138: 44003.947 | M138: Residencial | N138: 419471.33 | O138: Comercial | P138: 249430.57 | Q138: Comercial | R138: 267260 | Z138: Mix III (271) | AA138: Loteamento | AB138: 538962.03 | AC138: GO | AD138: =VLOOKUP(AC138,$AG$1:$AH$16,2,0) -> Centro-Oeste | AE138: =AB138/SUM($AB$12:$AB$182) -> 0.011082174
K139: Loteamento | L139: 43767.012 | M139: Residencial | N139: 405721.61 | O139: Comercial | P139: 710823.55 | Q139: Residencial | R139: 2526339.2 | Z139: Mix III (271) | AA139: Loteamento | AB139: 514532.64 | AC139: GO | AD139: =VLOOKUP(AC139,$AG$1:$AH$16,2,0) -> Centro-Oeste | AE139: =AB139/SUM($AB$12:$AB$182) -> 0.010579855
K140: Loteamento | L140: 43761.1 | M140: Residencial | N140: 592524.1 | O140: Comercial | P140: 244188.76 | Q140: Residencial | R140: 2526339.2 | Z140: Mix III (271) | AA140: Loteamento | AB140: 503411.97 | AC140: GO | AD140: =VLOOKUP(AC140,$AG$1:$AH$16,2,0) -> Centro-Oeste | AE140: =AB140/SUM($AB$12:$AB$182) -> 0.010351191
... K169: Loteamento | L169: 115350.13 | M169: Residencial | N169: 184634.12 | O169: Residencial | P169: 195855.72 | Q169: Comercial | R169: 92769.462 | Z169: Mix III (271) | AA169: Residencial | AB169: 252700 | AC169: SP | AD169: =VLOOKUP(AC169,$AG$1:$AH$16,2,0) -> SP | AE169: =AB169/SUM($AB$12:$AB$182) -> 0.0051960347
K170: Loteamento | L170: 53522.559 | M170: Comercial | N170: 122716.25 | O170: Loteamento | P170: 307480.45 | Q170: Comercial | R170: 92769.462
K171: Loteamento | L171: 227604 | M171: Comercial | N171: 237965.28 | O171: Loteamento | P171: 236006.62 | Q171: Comercial | R171: 92769.462
K172: Loteamento | L172: 18403.741 | M172: Residencial | N172: 767119.82 | O172: Loteamento | P172: 90221.366 | Q172: Comercial | R172: 92769.462
...

Sheet Volume
A1: Volume de Negociação | C1: https://www.ibovx.com.br/historico-papeis-bovespa.aspx?papel=MCCI11
A2: Data | B2: Variação % | C2: Variação R$ | D2: Cotação | E2: Abertura | F2: Mínimo | G2: Máximo | H2: Volume (R$ M) | I2: Nº Negócios | L2: Data | M2: Volume (R$ M) | N2: Preço de Fechamento (R$/Cota) | O2: EO
A3: 43809 | B3: - | C3: - | D3: 105.85 | E3: 104.09 | F3: 103.75 | G3: 105.9 | H3: 14 | I3: 4.161 | L3: 43809 | M3: 14 | N3: 105.85 | O3: =EOMONTH(L3,0) -> 43830
A4: 43810 | B4: -0.0009 | C4: -0.1 | D4: 105.75 | E4: 105.29 | F4: 105.06 | G4: 105.99 | H4: 3 | I4: 665 | L4: 43810 | M4: 3 | N4: 105.75 | O4: =EOMONTH(L4,0) -> 43830
A5: 43811 | B5: -0.0024 | C5: -0.25 | D5: 105.5 | E5: 105.22 | F5: 105.1 | G5: 106.49 | H5: 5 | I5: 696 | L5: 43811 | M5: 5 | N5: 105.5 | O5: =EOMONTH(L5,0) -> 43830
A6: 43812 | B6: 0 | C6: 0 | D6: 105.5 | E6: 105.49 | F6: 105.03 | G6: 106.01 | H6: 2 | I6: 553 | L6: 43812 | M6: 2 | N6: 105.5 | O6: =EOMONTH(L6,0) -> 43830
A7: 43815 | B7: -0.0024 | C7: -0.25 | D7: 105.25 | E7: 105.55 | F7: 105.03 | G7: 106.35 | H7: 12 | I7: 1.205 | L7: 43815 | M7: 12 | N7: 105.25 | O7: =EOMONTH(L7,0) -> 43830
A8: 43816 | B8: 0.0049 | C8: 0.52 | D8: 105.77 | E8: 105.27 | F8: 105.26 | G8: 106.36 | H8: 10 | I8: 1.29 | L8: 43816 | M8: 10 | N8: 105.77 | O8: =EOMONTH(L8,0) -> 43830
A9: 43817 | B9: 0.0031 | C9: 0.33 | D9: 106.1 | E9: 105.82 | F9: 105.48 | G9: 106.25 | H9: 8 | I9: 1.048 | L9: 43817 | M9: 8 | N9: 106.1 | O9: =EOMONTH(L9,0) -> 43830
A10: 43818 | B10: 0.0012 | C10: 0.13 | D10: 106.23 | E10: 105.6 | F10: 105.53 | G10: 106.24 | H10: 7 | I10: 986 | L10: 43818 | M10: 7 | N10: 106.23 | O10: =EOMONTH(L10,0) -> 43830
A11: 43819 | B11: -0.004 | C11: -0.42 | D11: 105.81 | E11: 105.51 | F11: 105.51 | G11: 106.45 | H11: 2 | I11: 536 | L11: 43819 | M11: 2 | N11: 105.81 | O11: =EOMONTH(L11,0) -> 43830
A12: 43822 | B12: 0.025 | C12: 2.65 | D12: 108.46 | E12: 106.01 | F12: 105.77 | G12: 108.46 | H12: 4 | I12: 631 | L12: 43822 | M12: 4 | N12: 108.46 | O12: =EOMONTH(L12,0) -> 43830
A13: 43825 | B13: -0.0042 | C13: -0.46 | D13: 108 | E13: 108.46 | F13: 108 | G13: 110 | H13: 3 | I13: 793 | L13: 43825 | M13: 3 | N13: 108 | O13: =EOMONTH(L13,0) -> 43830
A14: 43826 | B14: 0.0185 | C14: 2 | D14: 110 | E14: 108.01 | F14: 108.01 | G14: 110 | H14: 3 | I14: 716 | L14: 43826 | M14: 3 | N14: 110 | O14: =EOMONTH(L14,0) -> 43830
A15: 43829 | B15: -0.0091 | C15: -1 | D15: 109 | E15: 110 | F15: 108.04 | G15: 110 | H15: 2 | I15: 449 | L15: 43829 | M15: 2 | N15: 109 | O15: =EOMONTH(L15,0) -> 43830
A16: 43832 | B16: 0.0065 | C16: 0.71 | D16: 109.71 | E16: 108.5 | F16: 108.5 | G16: 110 | H16: 1 | I16: 110 | L16: 43832 | M16: 1 | N16: 110 | O16: =EOMONTH(L16,0) -> 43861
A17: 43833 | B17: -0.0024 | C17: -0.26 | D17: 109.45 | E17: 110 | F17: 108.52 | G17: 110 | H17: 0.864 | I17: 355 | L17: 43833 | M17: 0.864 | N17: 109.45 | O17: =EOMONTH(L17,0) -> 43861 | U17: Volume Mês (R$ M) | V17: Volume Dia (R$ M)
A18: 43836 | B18: -0.0233 | C18: -2.55 | D18: 106.9 | E18: 109.29 | F18: 106.01 | G18: 109.36 | H18: 7 | I18: 1.285 | L18: 43836 | M18: 7 | N18: 106.9 | O18: =EOMONTH(L18,0) -> 43861 | T18: 43830 | U18: =SUMIF(O:O,T18,M:M) -> 75 | V18: =U18/COUNTIF(O:O,T18) -> 5.7692308
A19: 43837 | B19: 0.0322 | C19: 3.44 | D19: 110.34 | E19: 107.5 | F19: 107.5 | G19: 112 | H19: 11 | I19: 2.292 | L19: 43837 | M19: 11 | N19: 110.34 | O19: =EOMONTH(L19,0) -> 43861 | T19: =EOMONTH(T18,1) -> 43861 | U19: =SUMIF(O:O,T19,M:M) -> 96.864 | V19: =U19/COUNTIF(O:O,T19) -> 4.4029091
A20: 43838 | B20: 0.006 | C20: 0.66 | D20: 111 | E20: 110.34 | F20: 108.99 | G20: 111.27 | H20: 6 | I20: 2.294 | L20: 43838 | M20: 6 | N20: 111 | O20: =EOMONTH(L20,0) -> 43861 | T20: =EOMONTH(T19,1) -> 43890 | U20: =SUMIF(O:O,T20,M:M) -> 52 | V20: =U20/COUNTIF(O:O,T20) -> 2.8888889
A21: 43839 | B21: -0.0063 | C21: -0.7 | D21: 110.3 | E21: 110.9 | F21: 109.21 | G21: 110.99 | H21: 5 | I21: 4.454 | L21: 43839 | M21: 5 | N21: 110.3 | O21: =EOMONTH(L21,0) -> 43861 | T21: =EOMONTH(T20,1) -> 43921 | U21: =SUMIF(O:O,T21,M:M) -> 47.907 | V21: =U21/COUNTIF(O:O,T21) -> 2.1775909
A22: 43840 | B22: 0.019 | C22: 2.1 | D22: 112.4 | E22: 110.79 | F22: 109.4 | G22: 120.18 | H22: 10 | I22: 3.159 | L22: 43840 | M22: 10 | N22: 112.4 | O22: =EOMONTH(L22,0) -> 43861 | T22: =EOMONTH(T21,1) -> 43951 | U22: =SUMIF(O:O,T22,M:M) -> 25.962 | V22: =U22/COUNTIF(O:O,T22) -> 1.2981
A23: 43843 | B23: -0.0125 | C23: -1.4 | D23: 111 | E23: 112.4 | F23: 109.5 | G23: 113 | H23: 4 | I23: 2.06 | L23: 43843 | M23: 4 | N23: 111 | O23: =EOMONTH(L23,0) -> 43861 | T23: =EOMONTH(T22,1) -> 43982 | U23: =SUMIF(O:O,T23,M:M) -> 21.596 | V23: =U23/COUNTIF(O:O,T23) -> 1.0798
A24: 43844 | B24: -0.0081 | C24: -0.9 | D24: 110.1 | E24: 110 | F24: 109.01 | G24: 110.7 | H24: 5 | I24: 898 | L24: 43844 | M24: 5 | N24: 110.1 | O24: =EOMONTH(L24,0) -> 43861 | T24: =EOMONTH(T23,1) -> 44012 | U24: =SUMIF(O:O,T24,M:M) -> 32.63 | V24: =U24/COUNTIF(O:O,T24) -> 1.5538095
A25: 43845 | B25: -0.0009 | C25: -0.1 | D25: 110 | E25: 110.1 | F25: 109.5 | G25: 111.85 | H25: 5 | I25: 804 | L25: 43845 | M25: 5 | N25: 110 | O25: =EOMONTH(L25,0) -> 43861 | T25: =EOMONTH(T24,1) -> 44043 | U25: =SUMIF(O:O,T25,M:M) -> 38.249 | V25: =U25/COUNTIF(O:O,T25) -> 1.663
A26: 43846 | B26: 0.0015 | C26: 0.16 | D26: 110.16 | E26: 111.47 | F26: 110 | G26: 111.47 | H26: 3 | I26: 461 | L26: 43846 | M26: 3 | N26: 110.16 | O26: =EOMONTH(L26,0) -> 43861 | T26: =EOMONTH(T25,1) -> 44074 | U26: =SUMIF(O:O,T26,M:M) -> 38 | V26: =U26/COUNTIF(O:O,T26) -> 1.8095238
A27: 43847 | B27: 0.0001 | C27: 0.01 | D27: 110.17 | E27: 110.13 | F27: 110 | G27: 111 | H27: 4 | I27: 432 | L27: 43847 | M27: 4 | N27: 110.17 | O27: =EOMONTH(L27,0) -> 43861 | T27: =EOMONTH(T26,1) -> 44104 | U27: =SUMIF(O:O,T27,M:M) -> 44 | V27: =U27/COUNTIF(O:O,T27) -> 2.0952381
A28: 43850 | B28: 0.0034 | C28: 0.38 | D28: 110.55 | E28: 110.93 | F28: 110.25 | G28: 111.53 | H28: 3 | I28: 856 | L28: 43850 | M28: 3 | N28: 110.55 | O28: =EOMONTH(L28,0) -> 43861 | T28: =EOMONTH(T27,1) -> 44135 | U28: =SUMIF(O:O,T28,M:M) -> 42 | V28: =U28/COUNTIF(O:O,T28) -> 2
A29: 43851 | B29: -0.0072 | C29: -0.8 | D29: 109.75 | E29: 110.01 | F29: 109.75 | G29: 110.98 | H29: 3 | I29: 281 | L29: 43851 | M29: 3 | N29: 109.75 | O29: =EOMONTH(L29,0) -> 43861 | T29: =EOMONTH(T28,1) -> 44165 | U29: =SUMIF(O:O,T29,M:M) -> 42 | V29: =U29/COUNTIF(O:O,T29) -> 2.1
A30: 43852 | B30: 0.0109 | C30: 1.2 | D30: 110.95 | E30: 110 | F30: 109.5 | G30: 110.95 | H30: 4 | I30: 415 | L30: 43852 | M30: 4 | N30: 110.95 | O30: =EOMONTH(L30,0) -> 43861 | T30: =EOMONTH(T29,1) -> 44196 | U30: =SUMIF(O:O,T30,M:M) -> 61 | V30: =U30/COUNTIF(O:O,T30) -> 3.05
... A34: 43858 | B34: -0.0018 | C34: -0.2 | D34: 108.9 | E34: 110.45 | F34: 108.9 | G34: 110.45 | H34: 3 | I34: 1.918 | L34: 43858 | M34: 3 | N34: 108.9 | O34: =EOMONTH(L34,0) -> 43861 | T34: =EOMONTH(T33,1) -> 44316 | U34: =SUMIF(O:O,T34,M:M) -> 68 | V34: =U34/COUNTIF(O:O,T34) -> 3.4
A35: 43859 | B35: -0.0161 | C35: -1.75 | D35: 107.15 | E35: 109.01 | F35: 106.51 | G35: 109.4 | H35: 4 | I35: 350 | L35: 43859 | M35: 4 | N35: 107.15 | O35: =EOMONTH(L35,0) -> 43861 | T35: =EOMONTH(T34,1) -> 44347 | U35: 102.4 | V35: =U35/COUNTIF(O:O,T35) -> 4.8761905
A36: 43860 | B36: -0.0014 | C36: -0.15 | D36: 107 | E36: 107.26 | F36: 107 | G36: 108 | H36: 3 | I36: 295 | L36: 43860 | M36: 3 | N36: 107 | O36: =EOMONTH(L36,0) -> 43861 | T36: =EOMONTH(T35,1) -> 44377 | U36: 97 | V36: =U36/COUNTIF(O:O,T36) -> 4.6190476
A37: 43861 | B37: -0.0281 | C37: -3.01 | D37: 103.99 | E37: 109 | F37: 103.22 | G37: 109 | H37: 3 | I37: 369 | L37: 43861 | M37: 3 | N37: 103.99 | O37: =EOMONTH(L37,0) -> 43861 | T37: =EOMONTH(T36,1) -> 44408 | U37: 47.7 | V37: =U37/COUNTIF(O:O,T37) -> 2.2714286
A38: 43864 | B38: -0.0071 | C38: -0.74 | D38: 103.25 | E38: 104.2 | F38: 102.25 | G38: 104.35 | H38: 2 | I38: 505 | L38: 43864 | M38: 2 | N38: 111 | O38: =EOMONTH(L38,0) -> 43890 | T38: =EOMONTH(T37,1) -> 44439 | U38: 78.244246 | V38: 3.5565566 | W38: Planilha Dyla
A39: 43865 | B39: 0.0066 | C39: 0.68 | D39: 103.93 | E39: 103.61 | F39: 103.26 | G39: 104.3 | H39: 1 | I39: 1001 | L39: 43865 | M39: 1 | N39: 110.3 | O39: =EOMONTH(L39,0) -> 43890 | T39: =EOMONTH(T38,1) -> 44469 | U39: 90.770075 | V39: 4.3223845 | W39: Planilha Dyla
A40: 43866 | B40: 0.0025 | C40: 0.26 | D40: 104.19 | E40: 103.69 | F40: 103.69 | G40: 105 | H40: 2 | I40: 320 | L40: 43866 | M40: 2 | N40: 112.4 | O40: =EOMONTH(L40,0) -> 43890 | T40: =EOMONTH(T39,1) -> 44500 | U40: =101348071.65/1000000 -> 101.34807 | V40: =4826098.65/1000000 -> 4.8260987 | W40: Planilha Dyla
A41: 43867 | B41: 0.0077 | C41: 0.8 | D41: 104.99 | E41: 104.5 | F41: 103.76 | G41: 106 | H41: 3 | I41: 1520 | L41: 43867 | M41: 3 | N41: 111 | O41: =EOMONTH(L41,0) -> 43890 | T41: =EOMONTH(T40,1) -> 44530 | U41: =84171670/1000000 -> 84.17167 | V41: =4208583.5/1000000 -> 4.2085835 | W41: Planilha Dyla
A42: 43868 | B42: -0.0099 | C42: -1.04 | D42: 103.95 | E42: 104.98 | F42: 103.9 | G42: 104.98 | H42: 2 | I42: 539 | L42: 43868 | M42: 2 | N42: 110.1 | O42: =EOMONTH(L42,0) -> 43890 | T42: =EOMONTH(T41,1) -> 44561 | U42: 105.3 | V42: 5 | W42: Planilha Dyla
A43: 43871 | B43: -0.0013 | C43: -0.13 | D43: 103.82 | E43: 104.11 | F43: 103.82 | G43: 104.29 | H43: 2 | I43: 668 | L43: 43871 | M43: 2 | N43: 110 | O43: =EOMONTH(L43,0) -> 43890 | T43: =EOMONTH(T42,1) -> 44592 | U43: 88.3 | V43: 4.2 | W43: Planilha Dyla
A44: 43872 | B44: 0.0015 | C44: 0.16 | D44: 103.98 | E44: 103.83 | F44: 103.1 | G44: 104.29 | H44: 3 | I44: 409 | L44: 43872 | M44: 3 | N44: 110.16 | O44: =EOMONTH(L44,0) -> 43890
A45: 43873 | B45: -0.0003 | C45: -0.03 | D45: 103.95 | E45: 103.71 | F45: 103.62 | G45: 104.29 | H45: 2 | I45: 266 | L45: 43873 | M45: 2 | N45: 110.17 | O45: =EOMONTH(L45,0) -> 43890
A46: 43874 | B46: -0.0034 | C46: -0.35 | D46: 103.6 | E46: 103 | F46: 102.9 | G46: 103.91 | H46: 2 | I46: 304 | L46: 43874 | M46: 2 | N46: 110.55 | O46: =EOMONTH(L46,0) -> 43890
A47: 43875 | B47: -0.001 | C47: -0.1 | D47: 103.5 | E47: 103.9 | F47: 103.5 | G47: 103.9 | H47: 2 | I47: 448 | L47: 43875 | M47: 2 | N47: 109.75 | O47: =EOMONTH(L47,0) -> 43890
A48: 43878 | B48: 0.0048 | C48: 0.5 | D48: 104 | E48: 103.6 | F48: 103.5 | G48: 104 | H48: 5 | I48: 647 | L48: 43878 | M48: 5 | N48: 110.95 | O48: =EOMONTH(L48,0) -> 43890
A49: 43879 | B49: -0.0013 | C49: -0.14 | D49: 103.86 | E49: 104 | F49: 99.21 | G49: 104.08 | H49: 8 | I49: 3012 | L49: 43879 | M49: 8 | N49: 110.04 | O49: =EOMONTH(L49,0) -> 43890
A50: 43880 | B50: 0.0013 | C50: 0.14 | D50: 104 | E50: 103.86 | F50: 103.36 | G50: 104.3 | H50: 4 | I50: 392 | L50: 43880 | M50: 4 | N50: 110.19 | O50: =EOMONTH(L50,0) -> 43890
A51: 43881 | B51: 0 | C51: 0 | D51: 104 | E51: 104 | F51: 103.7 | G51: 104.86 | H51: 7 | I51: 1725 | L51: 43881 | M51: 7 | N51: 109.1 | O51: =EOMONTH(L51,0) -> 43890
A52: 43882 | B52: 0.0096 | C52: 1 | D52: 105 | E52: 104 | F52: 104 | G52: 105 | H52: 1 | I52: 358 | L52: 43882 | M52: 1 | N52: 108.9 | O52: =EOMONTH(L52,0) -> 43890
A53: 43887 | B53: -0.0189 | C53: -1.98 | D53: 103.02 | E53: 103.51 | F53: 102.99 | G53: 104.5 | H53: 1 | I53: 106 | L53: 43887 | M53: 1 | N53: 107.15 | O53: =EOMONTH(L53,0) -> 43890
A54: 43888 | B54: 0.0071 | C54: 0.73 | D54: 103.75 | E54: 102.51 | F54: 102.51 | G54: 103.78 | H54: 2 | I54: 316 | L54: 43888 | M54: 2 | N54: 107 | O54: =EOMONTH(L54,0) -> 43890
A55: 43889 | B55: -0.0048 | C55: -0.5 | D55: 103.25 | E55: 103.75 | F55: 102.94 | G55: 103.75 | H55: 3 | I55: 223 | L55: 43889 | M55: 3 | N55: 103.99 | O55: =EOMONTH(L55,0) -> 43890
... A77: 43921 | B77: 0.0137 | C77: 1.2 | D77: 88.5 | E77: 88 | F77: 87.31 | G77: 88.71 | H77: 4 | I77: 3744 | L77: 43921 | M77: 4 | N77: 88.5 | O77: =EOMONTH(L77,0) -> 43921
A78: 43922 | B78: 0.0181 | C78: 1.6 | D78: 90.1 | E78: 87.45 | F78: 83 | G78: 90.5 | H78: 2 | I78: 446 | L78: =A78 -> 43922 | M78: =H78 -> 2 | N78: =D78 -> 90.1 | O78: =EOMONTH(L78,0) -> 43951
A79: 43923 | B79: -0.001 | C79: -0.09 | D79: 90.01 | E79: 91.49 | F79: 89.02 | G79: 91.49 | H79: 1 | I79: 1726 | L79: =A79 -> 43923 | M79: =H79 -> 1 | N79: =D79 -> 90.01 | O79: =EOMONTH(L79,0) -> 43951
A80: 43924 | B80: -0.0001 | C80: -0.01 | D80: 90 | E80: 88.66 | F80: 87.19 | G80: 90.88 | H80: 2 | I80: 370 | L80: =A80 -> 43924 | M80: =H80 -> 2 | N80: =D80 -> 90 | O80: =EOMONTH(L80,0) -> 43951
A81: 43927 | B81: 0.0011 | C81: 0.1 | D81: 90.1 | E81: 87.22 | F81: 87.22 | G81: 90.9 | H81: 5 | I81: 3369 | L81: =A81 -> 43927 | M81: =H81 -> 5 | N81: =D81 -> 90.1 | O81: =EOMONTH(L81,0) -> 43951
A82: 43928 | B82: 0.0433 | C82: 3.9 | D82: 94 | E82: 87.6 | F82: 87.6 | G82: 96 | H82: 3 | I82: 1905 | L82: =A82 -> 43928 | M82: =H82 -> 3 | N82: =D82 -> 94 | O82: =EOMONTH(L82,0) -> 43951
A83: 43929 | B83: -0.0306 | C83: -2.88 | D83: 91.12 | E83: 93.84 | F83: 89.32 | G83: 93.85 | H83: 1 | I83: 2317 | L83: =A83 -> 43929 | M83: =H83 -> 1 | N83: =D83 -> 91.12 | O83: =EOMONTH(L83,0) -> 43951
A84: 43930 | B84: 0.004 | C84: 0.36 | D84: 91.48 | E84: 92 | F84: 90.94 | G84: 92 | H84: 0.849 | I84: 1377 | L84: =A84 -> 43930 | M84: =H84 -> 0.849 | N84: =D84 -> 91.48 | O84: =EOMONTH(L84,0) -> 43951
A85: 43934 | B85: 0.0002 | C85: 0.02 | D85: 91.5 | E85: 91.6 | F85: 88.66 | G85: 91.88 | H85: 0.73 | I85: 1407 | L85: =A85 -> 43934 | M85: =H85 -> 0.73 | N85: =D85 -> 91.5 | O85: =EOMONTH(L85,0) -> 43951
A86: 43935 | B86: -0.0164 | C86: -1.5 | D86: 90 | E86: 90.04 | F86: 89 | G86: 90.29 | H86: 0.928 | I86: 434 | L86: =A86 -> 43935 | M86: =H86 -> 0.928 | N86: =D86 -> 90 | O86: =EOMONTH(L86,0) -> 43951
A87: 43936 | B87: 0.0027 | C87: 0.24 | D87: 90.24 | E87: 89.1 | F87: 89.1 | G87: 90.86 | H87: 0.977 | I87: 726 | L87: =A87 -> 43936 | M87: =H87 -> 0.977 | N87: =D87 -> 90.24 | O87: =EOMONTH(L87,0) -> 43951
A88: 43937 | B88: -0.0248 | C88: -2.24 | D88: 88 | E88: 90.7 | F88: 86.4 | G88: 90.7 | H88: 2 | I88: 1396 | L88: =A88 -> 43937 | M88: =H88 -> 2 | N88: =D88 -> 88 | O88: =EOMONTH(L88,0) -> 43951
A89: 43938 | B89: 0.0164 | C89: 1.44 | D89: 89.44 | E89: 90.15 | F89: 88.32 | G89: 90.55 | H89: 0.672 | I89: 1939 | L89: =A89 -> 43938 | M89: =H89 -> 0.672 | N89: =D89 -> 89.44 | O89: =EOMONTH(L89,0) -> 43951
... A408: 44411 | B408: -0.0031 | C408: -0.32 | D408: 102.62 | E408: 103.35 | F408: 102.5 | G408: 103.35 | H408: 2 | I408: 3185 | L408: =A408 -> 44411 | M408: =H408 -> 2 | N408: =D408 -> 102.62 | O408: =EOMONTH(L408,0) -> 44439

Sheet DRE
A1: Mini DRE | AD1: Mini DRE por cota
B2: 43799 | C2: =EOMONTH(B2,1) -> 43830 | D2: =EOMONTH(C2,1) -> 43861 | E2: =EOMONTH(D2,1) -> 43890 | F2: =EOMONTH(E2,1) -> 43921 | G2: =EOMONTH(F2,1) -> 43951 | H2: =EOMONTH(G2,1) -> 43982 | I2: =EOMONTH(H2,1) -> 44012 | J2: =EOMONTH(I2,1) -> 44043 | ... AB2: =EOMONTH(AA2,1) -> 44592 | AE2: =DRE!B2 -> 43799 | AF2: =DRE!C2 -> 43830 | AG2: =DRE!D2 -> 43861 | AH2: =DRE!E2 -> 43890 | AI2: =DRE!F2 -> 43921 | AJ2: =DRE!G2 -> 43951 | AK2: =DRE!H2 -> 43982 | AL2: =DRE!I2 -> 44012 | ... BB2: =DRE!Y2 -> 44500 | BC2: =Z2 -> 44530 | BD2: =AA2 -> 44561 | BE2: =AB2 -> 44592 | BF2: 6 Meses
A3: CRI - Juros | B3: 732974.37 | C3: 1709744.5 | D3: =2376909.41402788 -> 2376909.4 | E3: 2485462.6 | F3: 2569661.3 | G3: 3130407.2 | H3: 3482368.8 | I3: =3259785.50851578 -> 3259785.5 | J3: =7736441.4-106.07 -> 7736335.3 | K3: 2607871 | L3: 3374388 | M3: 3099428.6 | N3: =3174686.67 -> 3174686.7 | O3: 3118571.1 | P3: 5901603.6 | Q3: 3714244.8 | R3: 3702884.1 | S3: 3672098.8 | T3: 3765886.5 | U3: 4165378.6 | V3: 6694982.9 | W3: 4377521.2 | X3: 4424031.3 | Y3: 4504169 | Z3: 12929392 | AA3: 6596980.3 | AD3: Receita CRI | AE3: =(DRE!B3+DRE!B4)/5462000 -> 0.12477323 | AF3: =(DRE!C3+DRE!C4)/5462000 -> 0.35866372 | AG3: =(DRE!D3+DRE!D4)/5462000 -> 0.67750349 | AH3: =(DRE!E3+DRE!E4)/5462000 -> 0.88606547 | AI3: =SUM(F3:F4)/7236625 -> 0.51510379 | AJ3: =SUM(G3:G4)/7236625 -> 0.64658296 | AK3: =SUM(H3:H4)/7236625 -> 0.77343912 | AL3: =SUM(I3:I4)/7236625 -> 0.4312292 | AM3: =SUM(J3:J4)/7236625 -> 1.1463399 | AN3: =SUM(K3:K4)/7236625 -> 0.49676359 | AO3: =SUM(L3:L4)/7236625 -> 0.68227945 | AP3: =SUM(M3:M4)/7236625 -> 0.60187768 | AQ3: =SUM(N3:N4)/7236625 -> 0.72280424 | AR3: =SUM(O3:O4)/8927401 -> 0.60166733 | AS3: =SUM(P3:P4)/8927401 -> 1.1469177 | AT3: =SUM(Q3:Q4)/8927401 -> 0.74840552 | AU3: =SUM(R3:R4)/8927401 -> 1.4543953 | AV3: =SUM(S3:S4)/8927401 -> 0.85972616 | AW3: =SUM(T3:T4)/8927401 -> 0.81655472 | AX3: =SUM(U3:U4)/8927401 -> 0.82674043 | AY3: =SUM(V3:V4)/8927401 -> 2.0752814 | AZ3: =SUM(W3:W4)/8927401 -> 0.7329323 | BA3: =SUM(X3:X4)/12417281 -> 1.132712 | BB3: =SUM(Y3:Y4)/12417281 -> 0.59762985 | BC3: =SUM(Z3:Z4)/12417281 -> 1.3022384 | BD3: =SUM(AA3:AA4)/12417281 -> 1.0218398 | BE3: =SUM(AB3:AB4)/12417281 -> 0
A4: CRI - Correção | B4: -51462.993 | C4: 249276.77 | D4: 1323614.7 | E4: 2354227 | F4: 1157951.6 | G4: 1548671.2 | H4: =1174418.69973629+940301.4 -> 2114720.1 | I4: =-811245.309260515+672103.83 -> -139141.48 | J4: 559296.62 | K4: 987020.74 | L4: 1563012.5 | M4: 1256134.5 | N4: =2055976.55 -> 2055976.6 | O4: 2252754.4 | P4: 4337390.8 | Q4: 2967071.4 | R4: =2018948.55+7262137.78 -> 9281086.3 | S4: 4003021.3 | T4: 3523824.9 | U4: 3215264.7 | V4: =4942093.67+6889792.44 -> 11831886 | W4: 2165659.3 | X4: 9641171.8 | Y4: =2729917.11836769+186851.62 -> 2916768.7 | Z4: 3240867.5 | AA4: 6091491.2 | AD4: Receita FII | AE4: 0 | AF4: 0 | AG4: 0 | AH4: 0 | AI4: =SUM(F5)/7236625 -> 0.019494127 | AJ4: =SUM(G5)/7236625 -> 0.053081302 | AK4: =SUM(H5)/7236625 -> 0.025388296 | AL4: =SUM(I5)/7236625 -> 0.02785423 | AM4: =SUM(J5)/7236625 -> 0.022129479 | AN4: =SUM(K5)/7236625 -> 0.020032617 | AO4: =SUM(L5)/7236625 -> 0.020121425 | AP4: =SUM(M5)/7236625 -> 0.02016527 | AQ4: =SUM(N5)/7236625 -> 0.020316035 | AR4: =SUM(O5)/8927401 -> 0.04035718 | AS4: =SUM(P5)/8927401 -> 0.017439041 | AT4: =SUM(Q5)/8927401 -> 0.017429301 | AU4: =SUM(R5)/8927401 -> 0.018269411 | AV4: =SUM(S5)/8927401 -> 0.01942418 | AW4: =SUM(T5)/8927401 -> 0.020758086 | AX4: =SUM(U5)/8927401 -> 0.020540357 | AY4: =SUM(V5)/8927401 -> 0.11854433 | AZ4: =SUM(W5)/8927401 -> 0.12475933 | BA4: =SUM(X5)/12417281 -> 0.088809829 | BB4: =SUM(Y5)/12417281 -> 0.10581639 | BC4: =SUM(Z5:Z6)/12417281 -> 0.1634291 | BD4: =SUM(AA5:AA6)/12417281 -> 0.13587194 | BE4: =SUM(AB5:AB6)/12417281 -> 0.14593345
A5: Dividendos FIIs | F5: 141071.69 | G5: 384129.48 | H5: 183725.58 | I5: 201570.62 | J5: 160142.74 | K5: 144968.54 | L5: 145611.21 | M5: 145928.5 | N5: 147019.53 | O5: 360284.73 | P5: 155685.31 | Q5: 155598.36 | R5: 163098.36 | S5: 173407.44 | T5: 185315.76 | U5: 183372 | V5: 1058292.8 | W5: 1113776.6 | X5: 1102776.6 | Y5: 1313951.8 | Z5: 1758698 | AA5: 1677616 | AB5: 1834501 | AD5: Receita Caixa | AE5: =DRE!B7/5462000 -> 0.02682072 | AF5: =DRE!C7/5462000 -> 0.11705748 | AG5: =DRE!D7/5462000 -> 0.025846851 | AH5: =DRE!E7/5462000 -> 0.052352349 | AI5: =SUM(F7)/7236625 -> 0.040336028 | AJ5: =SUM(G7)/7236625 -> 0.014683189 | AK5: =SUM(H7)/7236625 -> 0.011709558 | AL5: =SUM(I7)/7236625 -> 0.0084483761 | AM5: =SUM(J7)/7236625 -> 0.0035483461 | AN5: =SUM(K7)/7236625 -> 0.0054684884 | AO5: =SUM(L7)/7236625 -> -0.013920146 | AP5: =SUM(M7)/7236625 -> -0.0042385338 | AQ5: =SUM(N7)/7236625 -> 0.0088675163 | AR5: =SUM(O7)/8927401 -> 0.040006461 | AS5: =SUM(P7)/8927401 -> 0.024826169 | AT5: =SUM(Q7)/8927401 -> 0.011718524 | AU5: =SUM(R7)/8927401 -> 0.0234458 | AV5: =SUM(S7)/8927401 -> 0.015941979 | AW5: =SUM(T7)/8927401 -> 0.021500322 | AX5: =SUM(U7)/8927401 -> 0.0071137524 | AY5: =SUM(V7)/8927401 -> 0.008328602 | AZ5: =SUM(W7)/8927401 -> 0.031971246 | BA5: =SUM(X7)/12417281 -> 0.075586548 | BB5: =SUM(Y7)/12417281 -> 0.10776922 | BC5: =SUM(Z7)/12417281 -> 0.01244129 | BD5: =SUM(AA7)/12417281 -> 0.015907025 | BE5: =SUM(AB7)/12417281 -> 0.016535181
A6: Ganho de Capital FIIs | X6: 170913.28 | Z6: 270647 | AA6: 9544 | AB6: -22404.33 | AD6: Despesas | AE6: =DRE!B9/5462000 -> -0.0113445 | AF6: =DRE!C9/5462000 -> -0.091325403 | AG6: =DRE!D9/5462000 -> -0.088442911 | AH6: =DRE!E9/5462000 -> -0.087547458 | AI6: =F9/7236625 -> -0.070648323 | AJ6: =G9/7236625 -> -0.084637855 | AK6: =H9/7236625 -> -0.074461324 | AL6: =I9/7236625 -> -0.082596572 | AM6: =J9/7236625 -> -0.13084524 | AN6: =K9/7236625 -> -0.13011687 | AO6: =L9/7236625 -> -0.12667915 | AP6: =M9/7236625 -> -0.13493461 | AQ6: =N9/7236625 -> -0.13616798 | AR6: =O9/8927401 -> -0.11811644 | AS6: =P9/8927401 -> -0.20374546 | AT6: =Q9/8927401 -> -0.20010345 | AU6: =R9/8927401 -> -0.20262456 | AV6: =S9/8927401 -> -0.20503312 | AW6: =T9/8927401 -> -0.19636158 | AX6: =U9/8927401 -> -0.19706327 | AY6: =V9/8927401 -> -0.26814859 | AZ6: =W9/8927401 -> -0.26253166 | BA6: =X9/12417281 -> -0.25580029 | BB6: =Y9/12417281 -> -0.25196496 | BC6: =Z9/12417281 -> -0.30981923 | BD6: =AA9/12417281 -> -0.39527019 | BE6: =AB9/12417281 -> -0.51519613
A7: Liquidez | B7: 146494.77 | C7: 639367.96 | D7: =231544.61-90369.11 -> 141175.5 | E7: 285948.53 | F7: 291896.71 | G7: 106256.73 | H7: 84737.68 | I7: 61137.73 | J7: 25678.05 | K7: 39573.4 | L7: -100734.88 | M7: -30672.68 | N7: 64170.89 | O7: 357153.72 | P7: 221633.17 | Q7: 104615.96 | R7: 209310.06 | S7: 142320.44 | T7: 191942 | U7: 63507.32 | V7: 74352.77 | W7: 285420.13 | X7: 938579.41 | Y7: 1338200.7 | Z7: 154487 | AA7: 197522 | AB7: 205321.99 | AD7: Reserva de Lucro | AE7: =-(SUM(AE3:AE6)-AE8) -> 0 | AF7: =-(SUM(AF3:AF6)-AF8) -> 0 | AG7: =-(SUM(AG3:AG6)-AG8) -> 0 | AH7: =-(SUM(AH3:AH6)-AH8) -> 0 | AI7: 0 | AJ7: =(SUM(AJ3:AJ6)-AJ8) -> 0.029709599 | AK7: =(SUM(AK3:AK6)-AK8) -> 0.13607565 | AL7: =-(SUM(AL3:AL6)-AL8) -> 0.16506476 | AM7: =-(SUM(AM3:AM6)-AM8) -> -0.44117248 | AN7: =-(SUM(AN3:AN6)-AN8) -> 0.20785218 | AO7: =-(SUM(AO3:AO6)-AO8) -> 0.038198426 | AP7: =-(SUM(AP3:AP6)-AP8) -> 0.11713019 | AQ7: =-(SUM(AQ3:AQ6)-AQ8) -> -0.015819807 | AR7: =-(SUM(AR3:AR6)-AR8) -> 0.036085476 | AS7: =-(SUM(AS3:AS6)-AS8) -> -0.28543747 | ... BE7: =-(SUM(BE3:BE6)-BE8) -> 1.3527275
A8: TOTAL RECEITAS | B8: =SUM(B3:B7) -> 828006.15 | C8: =SUM(C3:C7) -> 2598389.2 | D8: =SUM(D3:D7) -> 3841699.6 | E8: =SUM(E3:E7) -> 5125638.1 | F8: =SUM(F3:F7) -> 4160581.4 | G8: =SUM(G3:G7) -> 5169464.6 | H8: =SUM(H3:H7) -> 5865552.1 | I8: =SUM(I3:I7) -> 3383352.4 | ... AB8: =SUM(AB3:AB7) -> 2017418.7 | AD8: Dividendo/Cota | AE8: =SUM(AE3:AE6) -> 0.14024945 | AF8: =SUM(AF3:AF6) -> 0.3843958 | AG8: =SUM(AG3:AG6) -> 0.61490743 | AH8: =SUM(AH3:AH6) -> 0.85087036 | AI8: =F11/7236625 -> 0.5 | AJ8: =G11/7236625 -> 0.6 | AK8: =H11/7236625 -> 0.6 | AL8: =I11/7236625 -> 0.55 | AM8: =J11/7236625 -> 0.6 | AN8: =K11/7236625 -> 0.6 | AO8: =L11/7236625 -> 0.6 | AP8: =M11/7236625 -> 0.6 | AQ8: =N11/7236625 -> 0.6 | AR8: =O11/8927401 -> 0.6 | AS8: =P11/8927401 -> 0.7 | AT8: =Q11/8927401 -> 0.7 | AU8: =R11/8927401 -> 0.7 | AV8: =S11/8927401 -> 0.7 | AW8: =T11/8927401 -> 0.9 | AX8: =U11/8927401 -> 1 | AY8: =V11/8927401 -> 1 | AZ8: =W11/8927401 -> 1 | BA8: =X11/12417281 -> 1 | BB8: =Y11/12417281 -> 1 | BC8: =Z11/12417281 -> 1 | BD8: =AA11/12417281 -> 1 | BE8: =AB11/12417281 -> 1 | BF8: 1
A9: Despesas | B9: -61963.656 | C9: -498819.35 | D9: -483075.18 | E9: -478184.21 | F9: -511255.42 | G9: -612492.42 | H9: -538848.68 | I9: -597720.42 | J9: -946877.96 | K9: -941607 | L9: -916729.54 | M9: -976471.18 | N9: -985396.63 | O9: -1054472.9 | P9: -1818917.4 | Q9: -1786403.8 | R9: -1808910.7 | S9: -1830412.9 | T9: -1752998.6 | U9: -1759262.8 | V9: -2393870 | W9: -2343725.4 | X9: -3176344 | Y9: -3128719.7 | Z9: -3847112.4 | AA9: -4908181 | AB9: -6397335.1 | AD9: Dividend Yield | AG9: =D14 -> 0.076336291 | AH9: =E14 -> 0.10702087 | AI9: =F14 -> 0.061677812 | AJ9: =G14 -> 0.074424168 | AK9: =H14 -> 0.074424168 | AL9: =I14 -> 0.068033559 | AM9: =J14 -> 0.074424168 | AN9: =K14 -> 0.074424168 | ... BE9: =AB14 -> 0.12682503 | BF9: 0.12682503
A10: Rendimento Final | B10: =B8+B9 -> 766042.49 | C10: =C8+C9 -> 2099569.9 | D10: =D8+D9 -> 3358624.4 | E10: =E8+E9 -> 4647453.9 | F10: =F8+F9 -> 3649326 | G10: =G8+G9 -> 4556972.2 | H10: =H8+H9 -> 5326703.5 | I10: =I8+I9 -> 2785632 | ... AB10: =AB8+AB9 -> -4379916.4 | AD10: Resultado por cota | AE10: =SUM(AE3:AE6) -> 0.14024945 | AF10: =SUM(AF3:AF6) -> 0.3843958 | AG10: =SUM(AG3:AG6) -> 0.61490743 | AH10: =SUM(AH3:AH6) -> 0.85087036 | AI10: =SUM(AI3:AI6) -> 0.50428562 | AJ10: =SUM(AJ3:AJ6) -> 0.6297096 | AK10: =SUM(AK3:AK6) -> 0.73607565 | AL10: =SUM(AL3:AL6) -> 0.38493524 | ... BE10: =SUM(BE3:BE6) -> -0.3527275 | BF10: 1.1682895
A11: Rendimento Distribuído | B11: =B10 -> 766042.49 | C11: =C10 -> 2099569.9 | D11: =D10 -> 3358624.4 | E11: =E10 -> 4647453.9 | F11: =0.5*7236625 -> 3618312.5 | G11: =H11 -> 4341975 | H11: =J11 -> 4341975 | I11: =0.55*7236625 -> 3980143.8 | J11: =0.6*7236625 -> 4341975 | K11: =0.6*7236625 -> 4341975 | L11: =0.6*7236625 -> 4341975 | M11: =0.6*7236625 -> 4341975 | N11: =M11 -> 4341975 | O11: 5356440.6 | P11: 6249180.7 | Q11: 6249180.7 | R11: 6249180.7 | S11: 6249180.7 | T11: 8034660.9 | U11: 8927401 | V11: 8927401 | W11: 8927401 | X11: 12417281 | Y11: 12417281 | Z11: 12417281 | AA11: 12417281 | AB11: 12417281
A12: Resultado por cota | B12: =B11/5462000 -> 0.14024945 | C12: =C11/5462000 -> 0.3843958 | D12: =D11/5462000 -> 0.61490743 | E12: =(E11)/5462000 -> 0.85087036 | F12: =F11/7236625 -> 0.5 | G12: =G11/7236625 -> 0.6 | H12: =H11/7236625 -> 0.6 | I12: =I11/7236625 -> 0.55 | J12: =J11/7236625 -> 0.6 | K12: =K11/7236625 -> 0.6 | L12: =L11/7236625 -> 0.6 | M12: =M11/7236625 -> 0.6 | N12: =N11/7236625 -> 0.6 | O12: =O11/8927401 -> 0.6 | P12: =P11/8927401 -> 0.7 | Q12: =Q11/8927401 -> 0.7 | R12: =R11/8927401 -> 0.7 | S12: =S11/8927401 -> 0.7 | T12: =T11/8927401 -> 0.9 | U12: =U11/8927401 -> 1 | V12: =V11/8927401 -> 1 | W12: =W11/8927401 -> 1 | X12: =X11/12417281 -> 1 | Y12: =Y11/12417281 -> 1 | Z12: =Z11/12417281 -> 1 | AA12: =AA11/12417281 -> 1 | AB12: =AB11/12417281 -> 1
A13: Rentabilidade por cota mensal | B13: =B12/100 -> 0.0014024945 | C13: =C12/100 -> 0.003843958 | D13: =D12/100 -> 0.0061490743 | E13: =E12/100 -> 0.0085087036 | F13: =F12/100 -> 0.005 | G13: =G12/100 -> 0.006 | H13: =H12/100 -> 0.006 | I13: =I12/100 -> 0.0055 | ... AB13: =AB12/100 -> 0.01
A14: Rentabilidade por cota anualizada | B14: =(1+B13)^(12)-1 -> 0.016960364 | C14: =(1+C13)^(12)-1 -> 0.047115317 | D14: =(1+D13)^(12)-1 -> 0.076336291 | E14: =(1+E13)^(12)-1 -> 0.10702087 | F14: =(1+F13)^(12)-1 -> 0.061677812 | G14: =(1+G13)^(12)-1 -> 0.074424168 | H14: =(1+H13)^(12)-1 -> 0.074424168 | I14: =(1+I13)^(12)-1 -> 0.068033559 | ... AB14: =(1+AB13)^(12)-1 -> 0.12682503
A15: Resultado apenas DP | E15: 57968.358
A16: Resultado por cota DP | E16: =E15/1427996 -> 0.040594202
S18: 4424031 | X18: =2609519+566285 -> 3175804
A19: Perspectiva | S19: 9641172
S20: 938579 | Y20: -3176344
I21: Rendimento FIIs | J21: =V5 -> 1058292.8 | S21: 170913 | Y21: -566825.34
S22: 938579 | Y22: =Y20-Y21 -> -2609518.7
M23: Fundo | N23: Montante | O23: R$cota | P23: Cota Aquisição | Q23: DY | V23: 4424031
M24: MCHY | N24: 60000000 | O24: 1.3 | P24: 100 | Q24: =O24*12/P24 -> 0.156 | V24: 9641172
M25: RBRR11 | N25: 9300000 | O25: 0.85 | P25: 99.4 | Q25: =O25*12/P25 -> 0.10261569 | V25: 938579
M26: SNCI11 | N26: 6000000 | O26: 0.8 | P26: 100 | Q26: =O26*12/P26 -> 0.096 | V26: 170913
J27: Outros | K27: =N27 -> 75300000 | N27: =SUM(N24:N26) -> 75300000 | Q27: {=[2]!WAVG(Q24:Q26,N24:N26)} -> #NAME? | S27: 4424031 | T27: 4424031.3 | V27: 1102777
J28: flcr11 | K28: 15030000 | N28: =N27*Q27/12/8927401 -> #NAME? | P28: IPCA | Q28: TAXA | S28: 9641172 | T28: 9641171.8
K29: 3562872.3 | N29: =N27*(SUM(P29:Q29)/12/8927401) -> 0.075984004 | O29: Carteira Atual | P29: 0.04 | Q29: =Tabelão!B91 -> 0.06810194 | S29: 938579 | T29: 1102776.6
K30: 1241374.5 | N30: =N28-N29 -> #NAME? | S30: 170913 | T30: 170913.28
J31: Custo FIIs | K31: =SUM(K27:K30) -> 95134247 | S31: 1273690 | T31: 938579.41
J32: DY | K32: =J21*12/K31 -> 0.13349045
V34: -2609519
V35: -566825
